 Dungeon Crawl Stone Soup version 0.20.0-15-g7f486f2 (webtiles) character file.

1879999 Dfrag the Annihilator (level 27, -5/249 HPs)
             Began as a Demonspawn Fire Elementalist on June 7, 2017.
             Was the Champion of Vehumet.
             Slain by a caustic shrike (7 damage)
             ... on level 22 of a ziggurat on June 20, 2017.
             The game lasted 09:45:37 (106632 turns).

Dfrag the Annihilator (DsFE)                      Turns: 106632, Time: 09:45:38

Health: -5/249     AC: 12    Str:  8    XL:     27
Magic:  0/63       EV:  2    Int: 52    God:    Vehumet [******]
Gold:   15690      SH:  0    Dex: 31    Spells: 2/80 levels left

rFire    + + .     SeeInvis +   j - +3 Elemental Staff {rElec rF++ rC++ MR++ AC+5}
rCold    + + +     Gourm    .   T - +7 large shield "Duidweit" {rPois rC+ Dex+4 Stlth+}
rNeg     + + +     Faith    .   U - +3 robe of Folly {Archmagi, MR-- Int+5}
rPois    ∞         Spirit   +   F - +3 crown of Dyrovepreva {rElec Int+2 SInv}
rElec    +         Reflect  .   X - +1 cloak of Ishrug {Regen+}
rCorr    .         Harm     +   n - +2 pair of gloves of Altruism {Int+4 Dex+4}
MR       +++++     Clarity  +   (boots unavailable)
Stlth    +++++++++.             O - amulet of the Establishment {Harm *Drain Int+4 Dex+4}
Regen    1.0/turn               J - ring of the Ageless Songs {rN+ MR+ AC+4 Int+5}
MPRegen  0.8/turn               K - ring "Decsec" {rN+ MP+9 Int+7 Stlth-}

@: lich-form, petrified, corroded
A: horns 1, talons 3, thin metallic scales 3, clarity, foul stench 2, magic
resistance 1, wild magic 1, augmentation 3, magic shield, magic regeneration,
magic link, rot immunity
}: 15/15 runes: serpentine, barnacled, slimy, silver, golden, iron, obsidian,
icy, bone, abyssal, demonic, glowing, magical, fiery, dark
a: End Transformation, Renounce Religion


You were on level 22 of a ziggurat.
You worshipped Vehumet.
Vehumet was exalted by your worship.
You were not hungry.
You were a lich.
You visited 16 branches of the dungeon, and saw 84 of its levels.
You visited Pandemonium 1 time, and saw 29 of its levels.
You visited the Abyss 2 times.
You visited 7 ziggurats (completing 5), and saw 176 of their levels.
You also visited: Sewer, Ossuary, Ice Cave and Volcano.

You collected 20160 gold pieces.
You spent 4470 gold pieces at shops.

Inventory:

Hand Weapons
 j - the +3 Elemental Staff (weapon) {rElec rF++ rC++ MR++ AC+5}
   (You found it on level 15 of a ziggurat)

   It affects your AC (+5).
   It greatly protects you from fire.
   It greatly protects you from cold.
   It insulates you from electricity.
   It affects your resistance to hostile enchantments.
 v - the +9 heavy crossbow "Sniper" {velocity, Acc+∞ SInv}
   (You found it on level 9 of a ziggurat)

   Any bolt fired from it inflicts extra damage.
   It lets you see invisible.
Missiles
 E - 62 bolts
 P - 59 javelins of penetration (quivered)
Armour
 e - the +1 pair of gloves of Limitation {Str+4 Int+4 Dex+3}
   (You found it on level 10 of a ziggurat)

   It affects your strength (+4).
   It affects your intelligence (+4).
   It affects your dexterity (+3).
 h - the +6 acid dragon scales of the Circus Animal {rCorr Int+6}
   (You found it on level 23 of a ziggurat)

   It affects your intelligence (+6).
   It protects you from acid and corrosion.
 n - the +2 pair of gloves of Altruism (worn) {Int+4 Dex+4}
   (You acquired it on level 10 of a ziggurat)

   It affects your intelligence (+4).
   It affects your dexterity (+4).
 F - the +3 crown of Dyrovepreva (worn) {rElec Int+2 SInv}
   (You found it on level 27 of a ziggurat)

   It affects your intelligence (+2).
   It insulates you from electricity.
   It lets you see invisible.
 T - the +7 large shield "Duidweit" (worn) {rPois rC+ Dex+4 Stlth+}
   (You took it off a daeva on level 12 of a ziggurat)

   It affects your dexterity (+4).
   It protects you from cold.
   It protects you from poison.
   It makes you more stealthy.
 U - the +3 robe of Folly (worn) {Archmagi, MR-- Int+5}
   (You found it on level 21 of a ziggurat)

   It affects your intelligence (+5).
   It affects your resistance to hostile enchantments.
 X - the +1 cloak of Ishrug (worn) {Regen+}
   (You found it on level 22 of a ziggurat)

   It increases your rate of regeneration.
Magical Staves
 H - an uncursed staff of conjuration
Jewellery
 m - the ring of Qenomur {rPois rC+ Int+8 Dex+4 Stlth-}
   (You found it on level 14 of a ziggurat)

   [ring of protection from cold]

   It affects your intelligence (+8).
   It affects your dexterity (+4).
   It protects you from cold.
   It protects you from poison.
   It makes you less stealthy.
 p - the ring "Noneimif" {Wiz rN+ Dex+3 Slay+3, unknown}
   (You found it on level 18 of a ziggurat)

   [ring of wizardry]

   It improves your spell success rate.
   It affects your dexterity (+3).
   It affects your accuracy and damage with ranged weapons and melee attacks
   (+3).
   It protects you from negative energy.
 w - a cursed -5 ring of evasion
 z - the ring of the Clam {MP+9 Int+6 Dex+3}
   (You found it on level 13 of a ziggurat)

   [ring of magical power]

   It affects your intelligence (+6).
   It affects your dexterity (+3).
   It affects your magic capacity (+9).
 J - the ring of the Ageless Songs (left hand) {rN+ MR+ AC+4 Int+5}
   (You found it on level 3 of the Elven Halls)

   [ring of protection]

   It affects your AC (+4).
   It affects your intelligence (+5).
   It protects you from negative energy.
   It affects your resistance to hostile enchantments.
 K - the ring "Decsec" (right hand) {rN+ MP+9 Int+7 Stlth-}
   (You found it on level 26 of a ziggurat)

   [ring of positive energy]

   It affects your intelligence (+7).
   It protects you from negative energy.
   It affects your magic capacity (+9).
   It makes you less stealthy.
 L - the amulet of Cel Vauz {+Rage Dex+4}
   (You found it on level 12 of a ziggurat)

   [amulet of rage]

   It affects your dexterity (+4).
   It lets you go berserk.
 O - the amulet of the Establishment (around neck) {Harm *Drain Int+4 Dex+4}
   (You found it on level 6 of a ziggurat)

   [amulet of harm]

   It increases damage dealt and taken.
   It affects your intelligence (+4).
   It affects your dexterity (+4).
   It causes draining when unequipped.
 S - an uncursed ring of wizardry
 W - the ring of Buyssuhuga {*Slow rF++ Int+3 SInv, unknown}
   (You found it on level 21 of a ziggurat)

   [ring of see invisible]

   It affects your intelligence (+3).
   It greatly protects you from fire.
   It lets you see invisible.
   It may slow you when you take damage.
 Z - the ring of the Pariah {+Fly rC+ MR+, unknown}
   (You found it on level 21 of a ziggurat)

   [ring of flight]

   It protects you from cold.
   It affects your resistance to hostile enchantments.
   It lets you fly.
Wands
 B - a wand of digging (21/24)
Scrolls
 k - 21 scrolls of identify
 l - 27 scrolls of blinking
 q - 26 scrolls of fog
 s - 15 scrolls of magic mapping
 x - 118 scrolls of remove curse
 y - 143 scrolls of teleportation
 I - 24 scrolls of amnesia
Potions
 b - 7 potions of magic
 d - 3 potions of resistance
 f - 4 potions of ambrosia
 g - 2 potions of might
 r - 48 potions of mutation
 t - 10 potions of brilliance
 A - 50 potions of curing
 C - 18 potions of flight
 D - 27 potions of experience
 G - 16 potions of cancellation
 M - 3 potions of agility
 N - 30 potions of heal wounds
 Q - 6 potions of haste
 R - 5 potions of invisibility
Books
 a - a book of Burglary

   Spells                             Type                      Level
   a - Swiftness                      Charms/Air                   2
   b - Passwall                       Transmutation/Earth          2
   c - Passage of Golubria            Translocation                4
   d - Lee's Rapid Deconstruction     Earth                        5
   e - Darkness                       Hexes                        6
   f - Invisibility                   Hexes                        6
 V - a book of the Warp

   Spells                             Type                      Level
   a - Gell's Gravitas                Translocation                3
   b - Portal Projectile              Hexes/Translocation          3
   c - Force Lance                    Conjuration/Translocation    4
   d - Dispersal                      Translocation                6
   e - Controlled Blink               Translocation                8
   f - Disjunction                    Translocation                8
 Y - a Necronomicon

   Spells                             Type                      Level
   a - Haunt                          Necromancy/Summoning         7
   b - Borgnjor's Revivification      Necromancy                   8
   c - Death's Door                   Charms/Necromancy            8
   d - Infestation                    Necromancy                   8
   e - Necromutation                  Transmutation/Necromancy     8
Miscellaneous
 i - a lightning rod (3/4)
Comestibles
 c - 59 bread rations
 o - 81 royal jellies
 u - 56 meat rations


   Skills:
 O Level 27 Fighting
   Level 12.0(21.1) Maces & Flails
   Level 12.8(21.5) Polearms
 O Level 27 Staves
 O Level 27 Crossbows
 O Level 27 Throwing
 O Level 27 Armour
 O Level 27 Dodging
 O Level 27 Stealth
 O Level 27 Shields
 O Level 27 Unarmed Combat
 O Level 27 Spellcasting
 O Level 27 Conjurations
 O Level 27 Hexes
 O Level 27 Charms
 O Level 27 Necromancy
 O Level 27 Translocations
 O Level 27 Transmutations
 O Level 27 Fire Magic
 O Level 27 Ice Magic
 O Level 27 Air Magic
 O Level 27 Earth Magic
   Level 21.0 Invocations
 O Level 27 Evocations


You had 2 spell levels left.
You knew the following spells:

 Your Spells              Type           Power        Failure   Level  Hunger
a - Death's Door          Chrm/Necr      ##########   1%          8    N/A
b - Necromutation         Tmut/Necr      ##########   1%          8    N/A
c - Sticky Flame          Conj/Fire      ########     1%          4    N/A
d - Fire Storm            Conj/Fire      #########.   1%          9    N/A
e - Darkness              Hex            #########.   1%          6    N/A
f - Glaciate              Conj/Ice       #########.   1%          9    N/A
g - Controlled Blink      Tloc           N/A          1%          8    N/A
l - Tornado               Air            #########.   1%          9    N/A
m - Lehudib's Crystal Sp  Conj/Erth      #########.   1%          8    N/A
n - Shatter               Erth           #########.   1%          9    N/A

Dungeon Overview and Level Annotations

Branches:
Dungeon (15/15)            Temple (0/1) D:7            Lair (6/6) D:8
 Shoals (4/4) Lair:4        Snake (4/4) Lair:4        Slime (5/5) Lair:6
    Orc (2/2) D:9             Elf (3/3) Orc:2        Vaults (5/5) D:13
  Crypt (3/3) Vaults:3       Tomb (3/3) Crypt:3      Depths (5/5) D:15
   Hell (1/1)                 Dis (7/7) Hell            Geh (7/7) Hell
    Coc (7/7) Hell            Tar (7/7) Hell            Zot (0/5) Depths:5

Altars:
Fedhas
Kikubaaqudgha
Makhleb
Nemelex Xobeh
Okawaru
Vehumet
The Shining One

Shops:
D:7 [   D:8 !   D:13 =   D:15 *   Orc:1 [   Orc:2 (}%%   Elf:2 }   Elf:3 **
Snake:1 (%(   Snake:2 }}=   Vaults:2 *:?%[   Vaults:4 }   Depths:1 (*
Depths:3 *   Depths:4 **[

Portals:
Hell: Lair:6 Depths:1 Depths:2 Depths:3 Depths:4 Depths:5
Abyss: Depths:3 Depths:4
Pandemonium: Orc:2 Depths:2 Depths:3 Depths:5

Annotations:
D:4 Dowan


Innate Abilities, Weirdness & Mutations

You have claws for feet.
You are completely covered in thin metallic scales. (AC +4, rElec)
You frequently emit foul miasma when damaged in melee.
Your magical and physical power is greatly enhanced at high health.
When hurt, damage is shared between your health and your magic reserves.
You regenerate magic rapidly.
When low on magic, you restore magic in place of health.
You are immune to rotting.
You have a pair of small horns on your head.
You possess an exceptional clarity of mind.
You are resistant to hostile enchantments. (MR+)
Your spells are a little harder to cast, but a little more powerful.


Message History

A rime drake comes into view.
The rime drake hisses angrily.
A caustic shrike comes into view.
The caustic shrike screeches!
A spriggan druid comes into view. It is wielding a quarterstaff.
The caustic shrike claws you!!
* * * LOW HITPOINT WARNING * * *
The acid corrodes you!
You are splashed with acid!
The acid burns!
* * * LOW HITPOINT WARNING * * *
You emit a cloud of foul miasma!
The caustic shrike is engulfed in dark miasma.
The caustic shrike looks even sicker.
The caustic shrike claws you!!
* * * LOW HITPOINT WARNING * * *
You are splashed with acid!
The acid burns!
* * * LOW HITPOINT WARNING * * *
The caustic shrike looks sick.
The caustic shrike claws you.
You are splashed with acid!
The acid burns!
* * * LOW HITPOINT WARNING * * *
The caustic shrike claws you!
You die...

k†........▓▓▓▓▓▓▓▓▓▓▓▓
...†.................▓
.F†..t.#.............▓
.)Y.††)...)..........▓
..))†..t.............▓
....†.†..............▓
i.Y..bbbb............▓
†bY.HbbL†...........∩▓
.††.†.bbb............▓
..)†....†............▓
....†††..............▓
.....................▓
..)....#.............▓
.....................▓
..........▓▓▓▓▓▓▓▓▓▓▓▓


You could see 2 hellephants, a dire elephant, 10 caustic shrikes, a spriggan
druid, a hippogriff, a spiny frog, a rime drake and 2 crocodiles.

Vanquished Creatures
  Cerebov (Pan)
  Antaeus (Coc:7)
  Asmodeus (Geh:7)
  the Royal Jelly (Slime:5)
  Dissolution (Slime:2)
  Ereshkigal (Tar:7)
  Gloorx Vloq (Pan)
  Mnoleg (Pan)
  the Serpent of Hell (Dis:7)
  A seraph (Pan)
  Lom Lobon (Pan)
  Dispater (Dis:7)
  46 orbs of fire
  Mennas (Vaults:5)
  Mara (Vaults:3)
  66 ancient liches
  The ghost of triglyceri the Invulnerable, a legendary GrFi of the Shining One (Zig:8)
  The ghost of Salasann the Slayer, a legendary DsGl of Okawaru (Zig:15)
  The ghost of jlc4533 the Phalangite, a legendary MfGl of Okawaru (Zig:9)
  66 juggernauts
  Sojobo (Crypt:2)
  85 greater mummies
  46 shard shrikes
  47 pandemonium lords
  Vashnia (Snake:3)
  Saint Roka (Depths:3)
  84 caustic shrikes
  A caustic shrike (shapeshifter) (Zig:18)
  136 golden dragons
  18 Killer Klowns
  Geryon (Hell)
  25 bone dragons
  26 profane servitors
  7 doom hounds
  18 pearl dragons
  15 electric golems
  50 hellephants
  80 Tzitzimimeh
  76 iron giants
  66 Brimstone Fiends
  84 Hell Sentinels
  23 liches
  Rupert (Orc:2)
  56 quicksilver dragons
  79 tentacled monstrosities
  Asterion (Snake:4)
  59 Ice Fiends
  61 deep elf master archers
  100 titans
  A quicksilver dragon (shapeshifter) (Zig:18)
  48 deep elf blademasters
  186 acid blobs
  54 Executioners
  The ghost of titanjones the Executioner, an adept HOMo of Beogh (Elf:3)
  4 krakens (Shoals:2)
  41 ancient champions
  Frances (Elf:1)
  23 tentacled starspawn
  15 tengu reavers
  Kirke (Shoals:1)
  40 sphinxes
  Agnes (Snake:2)
  A sphinx (shapeshifter) (Zig:8)
  13 thorn hunters
  89 shadow dragons
  57 storm dragons
  A storm dragon (shapeshifter) (Zig:18)
  4 eldritch tentacles
  2 shadow dragons (shapeshifter)
  58 revenants
  Donald (Vaults:3)
  Roxanne (D:15)
  33 vault wardens
  101 azure jellies
  5 azure jellies (shapeshifter)
  30 draconian monks
  Ilsuiw (Shoals:4)
  38 corrupters
  2 fire giants (shapeshifter)
  29 daevas
  128 ghost moths
  158 nagarajas
  71 fire giants
  64 iron dragons
  74 emperor scorpions
  44 draconian knights
  40 cacodemons
  58 frost giants
  12 deep elf sorcerers
  A ghost moth (shapeshifter) (Zig:9)
  33 warmongers
  Aizul (Shoals:1)
  16 caustic shrike zombies
  251 orc warlords
  35 draconian shifters
  7 deep elf elementalists (Elf:3)
  36 draconian scorchers
  125 balrugs
  35 angels
  A spectral juggernaut (Zig:18)
  20 juggernaut zombies
  28 curse skulls
  12 ghouls
  29 draconian stormcallers
  27 draconian annihilators
  79 war gargoyles
  9 caustic shrike skeletons
  194 stone giants
  3 elemental wellsprings (Coc:7)
  39 ironheart preservers
  40 very ugly things
  32 bennus
  53 black suns
  34 blood saints
  25 ophanim
  150 reapers
  16 juggernaut skeletons
  3 spriggan defenders
  23 vampire knights
  54 deep elf demonologists
  22 green draconians
  37 apis
  An entropy weaver (shapeshifter) (Zig:19)
  125 entropy weavers
  23 red draconians
  Azrael (D:15)
  17 black draconians
  75 deep elf annihilators
  17 purple draconians
  21 yellow draconians
  54 starcursed masses
  59 dire elephants
  42 lorocyprocas
  14 white draconians
  A dire elephant (shapeshifter) (Zig:8)
  82 merfolk javelineers
  50 ettins
  33 spark wasps
  38 deep elf death magi
  94 blizzard demons
  2 ettins (shapeshifter)
  45 eidola
  30 death oozes
  79 green deaths
  48 merfolk impalers
  18 jiangshi
  73 mummy priests
  5 spectral golden dragons (Zig:18)
  Josephine (D:15)
  44 ogre magi
  22 crystal guardians
  29 vault guards
  69 fire dragons
  36 great orbs of eyes
  9 quicksilver dragon zombies
  3 kraken zombies
  42 naga warriors
  8 quicksilver dragon skeletons
  87 ice dragons
  Harold (Orc:1)
  56 yaktaur captains
  A spectral shadow dragon (Zig:21)
  7 rakshasas
  158 hydras
  2 juggernaut simulacra (Zig:16)
  A hydra (shapeshifter) (Zig:8)
  45 deep elf high priests
  4 ghost crabs
  A spectral sphinx (Zig:21)
  A caustic shrike simulacrum (Zig:16)
  13 monstrous demonspawn (Pan)
  38 catoblepae
  21 hell beasts
  21 merfolk avatars
  A spectral tengu (Zig:21)
  34 anacondas
  19 spriggan air magi
  100 merfolk aquamancers
  22 centaur warriors
  Erica (Lair:2)
  3 alligator snapping turtles (shapeshifter)
  102 dancing weapons
  14 alligator snapping turtles
  An alligator (shapeshifter) (Zig:5)
  6 tengu warriors
  70 death scarabs
  22 death knights
  11 deep troll earth magi
  79 two-headed ogres
  3 two-headed ogres (shapeshifter)
  A queen ant (Lair:6)
  12 deep troll shamans
  12 spriggan berserkers
  18 death yaks
  83 naga sharpshooters
  40 hell hogs
  Urug (D:12)
  14 alligators
  The ghost of Mrebitz the Geomancer, a novice FoEE of Dithmenos (D:14)
  17 satyrs
  267 orc high priests
  15 storm dragon zombies
  3 spectral elves
  27 titan zombies
  4 spectral spriggans
  32 vampire magi
  18 thrashing horrors
  21 titan skeletons
  63 deep elf knights
  3 shock serpents (shapeshifter)
  68 shock serpents
  83 soul eaters
  31 iron golems
  99 sun demons
  16 fire crabs
  2 iron trolls (shapeshifter) (Zig:8)
  5 sea snakes (shapeshifter)
  117 iron trolls
  16 spark wasp zombies
  56 hell knights
  18 salamander mystics
  6 ghost moth zombies
  A fire crab (shapeshifter) (Zig:27)
  29 wretched stars
  51 shadow wraiths
  186 skeletal warriors
  121 large abominations
  44 sixfirhies
  45 deep trolls
  8 spatial maelstroms
  40 flayed ghosts
  25 cherubim
  25 golden dragon zombies
  17 infernal demonspawn
  8 wizards
  2 orange crystal statues
  9 unseen horrors
  13 glowing orange brains
  43 sea snakes
  67 death drakes
  15 storm dragon skeletons
  16 torturous demonspawn
  4 deep trolls (shapeshifter)
  28 naga ritualists
  4 swamp dragons (shapeshifter)
  17 gelid demonspawn
  36 shadow demons
  96 swamp dragons
  20 golden dragon skeletons
  48 spriggan druids
  46 shambling mangroves
  14 anaconda zombies
  49 ironbrand convokers
  8 anaconda skeletons
  5 glowing orange brains (shapeshifter)
  68 deep elf archers
  63 orc knights
  2 harpies (shapeshifter)
  4 lindwurms (shapeshifter)
  22 shadow dragon zombies
  Pikel (D:5)
  89 harpies
  32 phantasmal warriors
  23 necromancers
  102 wolf spiders
  3 wolf spiders (shapeshifter)
  15 sphinx zombies
  3 wolf spider zombies
  An orb spider (shapeshifter) (Elf:3)
  224 deep elf magi
  A mana viper (shapeshifter) (Zig:5)
  4 oklob plants
  105 orb spiders
  145 orc sorcerers
  27 fire giant zombies
  19 salamanders
  14 iron dragon zombies
  22 frost giant zombies
  14 shadow dragon skeletons
  57 shining eyes
  52 ugly things
  10 stone giant zombies
  76 cyclopes
  40 manticores
  37 mana vipers
  7 fauns (shapeshifter)
  43 fauns
  199 moths of wrath
  8 worldbinders
  3 shining eyes (shapeshifter)
  34 elephants
  3 manticores (shapeshifter)
  9 sphinx skeletons
  40 merfolk sirens
  3 dire elephant zombies
  164 black mambas
  2 moths of wrath (shapeshifter)
  3 cyclopes (shapeshifter)
  16 iron dragon skeletons
  2 salamanders (shapeshifter)
  15 spriggan zombies
  4 shock serpent zombies
  9 frost giant skeletons
  63 guardian serpents
  5 stone giant skeletons
  19 fire giant skeletons
  5 eyes of devastation (shapeshifter)
  Maurice (D:8)
  A guardian serpent (shapeshifter) (Vaults:1)
  75 rust devils
  A torpor snail (shapeshifter) (Zig:12)
  A black mamba (shapeshifter) (Vaults:5)
  102 smoke demons
  64 naga magi
  40 vault sentinels
  68 water nymphs
  3 elephants (shapeshifter)
  A titan simulacrum (Crypt:3)
  3 water nymphs (shapeshifter)
  6 ice statues
  9 molten gargoyles
  23 gargoyles
  15 apocalypse crabs
  3 catoblepas zombies
  62 orange demons
  3 spiny frogs (shapeshifter)
  22 eyes of devastation
  6 dire elephant skeletons
  A kobold demonologist (Abyss:3)
  94 spiny frogs
  118 hellions
  3 shock serpent skeletons
  An emperor scorpion zombie (Dis:5)
  108 torpor snails
  86 yaktaurs
  35 efreet
  A yaktaur (shapeshifter) (Zig:26)
  A red draconian zombie (Abyss:2)
  34 komodo dragons
  A redback zombie (D:14)
  A purple draconian zombie (Geh:1)
  A yellow draconian skeleton (Crypt:2)
  89 freezing wraiths
  127 ice devils
  A komodo dragon (shapeshifter) (Zig:3)
  47 rime drakes
  2 rime drakes (shapeshifter)
  113 tormentors
  43 hellwings
  21 ancient zymes
  97 demonic crawlers
  89 red devils
  A silent spectre (Zig:7)
  2 tengu conjurers
  177 merfolk
  2 anaconda simulacra
  186 guardian mummies
  A queen bee (D:8)
  3 harpy zombies
  2 spectral glowing shapeshifters (Zig:18)
  3 catoblepas skeletons
  26 hydra zombies
  3 merfolk (shapeshifter)
  A meliai (Zig:13)
  A red draconian skeleton (Geh:3)
  A wind drake (shapeshifter) (Zig:8)
  2 trolls (shapeshifter)
  99 jumping spiders
  A hornet (shapeshifter) (Zig:19)
  13 polar bears
  15 tyrant leeches
  A tengu simulacrum (Vaults:2)
  79 trolls
  2 meliai (shapeshifter)
  35 wind drakes
  2 sphinx simulacra
  2 jumping spiders (shapeshifter)
  121 hornets
  A wolf spider simulacrum (Coc:7)
  6 fire dragon zombies
  2 jumping spider zombies
  3 shadow dragon simulacra (Zig:16)
  A polar bear (shapeshifter) (Zig:20)
  31 raiju
  222 slime creatures
  Prince Ribbit (Lair:3)
  27 blink frogs
  2 dream sheep (shapeshifter)
  A blink frog (shapeshifter) (Zig:23)
  4 harpy skeletons
  3 slime creatures (shapeshifter)
  32 bog bodies
  An iron dragon simulacrum (Zig:16)
  2 fire giant simulacra
  14 dream sheep
  11 hydra skeletons
  32 snapping turtles
  2 snapping turtles (shapeshifter)
  30 hippogriffs
  7 alligator zombies
  7 ettin zombies
  A hippogriff (shapeshifter) (Zig:27)
  A frost giant simulacrum (Crypt:2)
  7 ice dragon zombies
  A stone giant simulacrum (Tomb:3)
  12 spriggans
  61 shadows
  A centaur simulacrum (D:15)
  4 redbacks (shapeshifter)
  115 redbacks
  67 tarantellas
  4 fire dragon skeletons
  73 yaks
  A spriggan simulacrum (Zig:10)
  4 tarantellas (shapeshifter)
  8 ettin skeletons
  163 flying skulls
  A vampire (D:12)
  57 ynoxinuls
  2 spriggans (shapeshifter)
  26 air elementals
  6 ice dragon skeletons
  A black mamba zombie (Geh:3)
  An alligator skeleton (Coc:7)
  66 fire elementals
  81 wraiths
  22 wyverns
  33 golden eyes
  55 chaos spawn
  A hog (Shoals:1)
  2 yaks (shapeshifter)
  60 ushabtiu
  13 basilisks
  3 golden eyes (shapeshifter)
  A human (Shoals:1)
  71 water elementals
  A black mamba skeleton (Coc:7)
  27 steam dragons
  44 neqoxecs
  4 fire bats (Pan)
  10 hungry ghosts
  19 vampire mosquitoes
  A basilisk (shapeshifter) (Zig:10)
  83 wargs
  A warg (shapeshifter) (Zig:26)
  10 spatial vortices
  12 insubstantial wisps
  93 nagas
  3 swamp worms (shapeshifter)
  A monstrous demonspawn zombie (Crypt:3)
  25 acid dragons
  3 soldier ants (shapeshifter)
  21 soldier ants
  A naga (shapeshifter) (Vaults:5)
  4 hydra simulacra
  5 floating eyes (shapeshifter)
  82 hell hounds
  57 water moccasins
  5 porcupines
  Duvessa (D:4)
  A merfolk skeleton (Coc:2)
  12 spiny frog zombies
  15 floating eyes
  An ice dragon simulacrum (Tar:1)
  4 sky beasts
  33 ice beasts
  A black bear (shapeshifter) (Zig:20)
  40 swamp drakes
  379 orc warriors
  An elephant zombie (Crypt:3)
  3 spiny frog skeletons
  45 eyes of draining
  12 phantoms
  2 sky beasts (shapeshifter)
  41 small abominations
  6 snapping turtle zombies
  3 alligator simulacra
  A torturous demonspawn skeleton (Crypt:3)
  A black mamba simulacrum (Crypt:1)
  15 boggarts
  44 elf zombies
  194 ogres
  32 necrophages
  27 wolves
  41 centaurs
  2 swamp dragon zombies
  A tengu (shapeshifter) (Vaults:3)
  A manticore zombie (Dis:7)
  4 snapping turtle skeletons
  A manticore skeleton (Coc:3)
  3 swamp dragon skeletons
  73 crocodiles
  A big kobold (D:12)
  A big kobold (shapeshifter) (Depths:4)
  19 bullfrogs
  40 earth elementals
  3 gnoll sergeants
  52 elf skeletons
  A glowing shapeshifter simulacrum (Zig:16)
  A komodo dragon skeleton (Crypt:2)
  A wyvern skeleton (D:15)
  3 scorpions
  31 killer bees
  A shapeshifter zombie (Crypt:2)
  2 human simulacra
  A snapping turtle simulacrum (Crypt:1)
  2 troll skeletons
  57 wights
  2 electric eels (Lair:3)
  8 howler monkeys
  13 spriggan skeletons
  28 crimson imps
  4 quasits
  5 hounds
  A lava snake (Elf:3)
  3 centaur zombies
  7 human zombies
  5 jellies
  5 centaur skeletons
  64 orc priests
  4 gnoll shamans
  5 human skeletons
  6 iguanas
  81 iron imps
  Jessica (D:3)
  A bullfrog skeleton (D:8)
  A basilisk skeleton (Crypt:3)
  Natasha (thrice) (D:4)
  5 hell rats
  A lightning spire (Zig:8)
  65 orc wizards
  21 worker ants
  An ogre zombie (Tar:7)
  16 tengu zombies
  A demigod zombie (Crypt:2)
  An ogre skeleton (Geh:1)
  A naga skeleton (Tar:7)
  20 tengu skeletons
  201 mummies
  A howler monkey zombie (D:9)
  Robin (D:2)
  7 gnolls
  2 river rats (D:5)
  12 adders
  A steam dragon skeleton (Crypt:3)
  12 shadow imps
  65 white imps
  15 ufetubi
  5 oozes
  5 adder skeletons
  2 adder zombies
  A halfling skeleton (Crypt:3)
  3 worms
  3 ball lightnings (Pan)
  A dart slug (D:3)
  15 leopard geckos
  95 orcs
  11 bats
  13 giant cockroaches
  2 gnoll zombies (Ossuary)
  20 goblins
  14 hobgoblins
  7 jackals
  7 quokkas
  16 ball pythons
  A ball python skeleton (D:4)
  A dart slug zombie (Crypt:1)
  20 frilled lizards
  A frilled lizard zombie (Crypt:2)
  A gnoll skeleton (Crypt:1)
  A goblin skeleton (Crypt:1)
  3 hobgoblin zombies (Ossuary)
  A jackal skeleton (Crypt:1)
  17 kobolds
  3 kobold skeletons
  A kobold zombie (Ossuary)
  A leopard gecko skeleton (D:4)
  An orc skeleton (D:15)
  6 orc zombies
  A quokka simulacrum (D:9)
  A quokka skeleton (D:5)
  A quokka zombie (D:5)
  15 rats
  67 blocks of ice
  60 briar patches
  A bush (Lair:6)
  19 crawling corpses
  2103 fire vortices
  6 fungi
  2 lurking horrors (Abyss:3)
  23 plants
  7 starspawn tentacles
  12 tentacles
19870 creatures vanquished.

Vanquished Creatures (collateral kills)
  An ancient lich (Zig:23)
  A juggernaut (Zig:20)
  A Killer Klown (Zig:18)
  A golden dragon (Depths:3)
  A profane servitor (Zig:21)
  2 Tzitzimimeh (Zig:18)
  2 bone dragons
  An iron giant (Dis:5)
  An Ice Fiend (Zig:22)
  A lich (Zig:12)
  A tentacled starspawn (Abyss:3)
  An acid blob (Zig:25)
  2 daevas (Pan)
  2 shadow dragons (Vaults:5)
  A draconian scorcher (Zig:26)
  A nagaraja (Zig:22)
  An iron dragon (Dis:7)
  2 draconian knights
  A frost giant (Depths:4)
  An orc warlord (Zig:20)
  A cacodemon (Pan)
  An emperor scorpion (Zig:19)
  3 draconian shifters (Zig:26)
  A warmonger (Pan)
  2 juggernaut zombies
  2 ghouls
  A black sun (Zig:14)
  An ironheart preserver (Vaults:5)
  2 very ugly things (Depths:5)
  A starcursed mass (Zig:10)
  An ophan (Zig:12)
  2 black draconians
  A dire elephant (shapeshifter) (Zig:18)
  2 purple draconians (Zig:26)
  A white draconian (Zig:26)
  A yaktaur captain (Depths:3)
  2 naga warriors
  2 great orbs of eyes
  An alligator snapping turtle (Zig:19)
  A hell hog (Hell)
  A titan zombie (Zig:27)
  A shadow wraith (Zig:21)
  A sixfirhy (Pan)
  A titan skeleton (Geh:3)
  A skeletal warrior (Crypt:3)
  An unseen horror (Tar:7)
  A glowing orange brain (shapeshifter) (Zig:19)
  A golden dragon skeleton (Zig:14)
  A deep troll (Vaults:5)
  An orc sorcerer (Zig:19)
  2 shining eyes
  A fire giant zombie (Zig:12)
  A moth of wrath (Zig:5)
  A guardian serpent (Zig:17)
  An apocalypse crab (Abyss:3)
  An elf zombie (Zig:22)
  A freezing wraith (Zig:20)
  3 hellions
  A hydra zombie (Coc:2)
  A guardian mummy (Zig:18)
  8 slime creatures
  2 shadows
  2 ynoxinuls (Pan)
  A black mamba skeleton (Crypt:1)
  An ushabti (Zig:9)
  2 golden eyes (Pan)
  A warg (Depths:3)
  A floating eye (Zig:25)
  An ice beast (Zig:22)
  A spiny frog skeleton (Coc:2)
  A snapping turtle zombie (Dis:7)
  An ogre (Vaults:5)
  An eye of draining (Zig:25)
  A small abomination (Abyss:3)
  4 wights
  A quasit (Abyss:3)
  A jelly (Abyss:3)
  2 orc priests
  A human skeleton (Geh:1)
  A hell rat (Hell)
  12 mummies
  3 white imps
  2 orcs (Depths:3)
  5 crawling corpses
  A starspawn tentacle (Abyss:3)
  A tentacle (Hell)
135 creatures vanquished.

Vanquished Creatures (others)
  A deep elf master archer (Zig:26)
  An eldritch tentacle (Dis:3)
  A storm dragon (Zig:14)
  An azure jelly (Zig:17)
  A corrupter (Pan)
  4 stone giants
  Nessos (Lair:4)
  2 merfolk javelineers
  5 yaktaur captains
  A hydra (Zig:17)
  A centaur warrior (Depths:1)
  A two-headed ogre (Volcano)
  9 death scarabs (Tomb:2)
  A hell hog (Abyss:3)
  2 naga sharpshooters (Snake:4)
  A shadow wraith (Zig:3)
  2 death drakes (Zig:17)
  A spatial maelstrom (Elf:3)
  A deep elf archer (Zig:26)
  A faun (Shoals:2)
  A salamander (Snake:1)
  A moth of wrath (Zig:27)
  A cyclops (D:15)
  A spriggan zombie (Zig:17)
  A vault sentinel (Vaults:4)
  A rime drake (Zig:21)
  A tormentor (Zig:13)
  6 yaktaurs
  A merfolk (Zig:19)
  A tengu simulacrum (Zig:10)
  A snapping turtle (Zig:17)
  4 flying skulls (Tomb:1)
  A water elemental (Zig:27)
  A human (Shoals:1)
  A warg (Zig:20)
  4 centaurs
  A wight (Geh:4)
  An orc wizard (Zig:21)
  2 mummies (Tomb:1)
  3 white imps (IceCv)
  2 ufetubi (IceCv)
  A ball lightning (Zig:17)
  A kobold skeleton (Geh:5)
  32 blocks of ice
  A briar patch (Zig:18)
  2172 fire vortices
  8 fungi
  30 plants
  21 starspawn tentacles
  52 tentacles
2392 creatures vanquished.

Grand Total: 22397 creatures vanquished

Notes
Turn   | Place    | Note
-------+----------+-------------------------------------------
     0 | D:1      | Dfrag the Demonspawn Fire Elementalist began the quest for the Orb.
     0 | D:1      | Reached XP level 1. HP: 13/13 MP: 3/3
   118 | D:1      | Gained mutation: You have sharp toenails. [demonic ancestry]
   118 | D:1      | Reached XP level 2. HP: 12/19 MP: 5/5
   310 | D:1      | Reached XP level 3. HP: 17/24 MP: 1/6
   671 | D:2      | Gained mutation: You are partially covered in thin metallic scales. (AC +2) [demonic ancestry]
   671 | D:2      | Reached XP level 4. HP: 12/30 MP: 8/8
   707 | D:2      | Noticed Robin
   992 | D:2      | Killed Robin
  1266 | D:2      | Reached XP level 5. HP: 22/35 MP: 10/10
  1707 | D:3      | Found a sparkling altar of Nemelex Xobeh.
  2058 | D:3      | Noticed Jessica
  2063 | D:3      | Killed Jessica
  2393 | D:3      | Gained mutation: When hurt, damage is shared between your health and your magic reserves. [demonic ancestry]
  2393 | D:3      | Reached XP level 6. HP: 39/41 MP: 11/11
  2510 | D:4      | Found a radiant altar of Vehumet.
  2541 | D:4      | Became a worshipper of Vehumet
  2585 | D:4      | Noticed Natasha
  2591 | D:4      | Killed Natasha
  2704 | D:4      | Noticed Natasha
  2714 | D:4      | Killed Natasha
  2842 | D:4      | Noticed Duvessa
  2842 | D:4      | Noticed Dowan
  2843 | D:4      | Noticed Natasha
  2858 | D:4      | Killed Natasha
  2876 | D:5      | Entered Level 5 of the Dungeon
  2878 | D:5      | Found an iron altar of Okawaru.
  2891 | D:5      | Learned a level 3 spell: Conjure Flame
  2896 | D:5      | Learned a level 4 spell: Sticky Flame
  2965 | D:5      | Noticed Pikel
  2968 | D:5      | Noticed a slave
  2968 | D:5      | Noticed a slave
  2968 | D:5      | Noticed a slave
  2972 | D:5      | Noticed a slave
  2984 | D:5      | Killed Pikel
  2984 | D:5      | Reached skill level 5 in Spellcasting
  2984 | D:5      | Reached skill level 5 in Conjurations
  2984 | D:5      | Reached skill level 5 in Fire Magic
  2984 | D:5      | Gained mutation: You are immune to rotting. [demonic ancestry]
  2984 | D:5      | Reached XP level 7. HP: 28/46 MP: 6/14
  3163 | D:5      | Gained mutation: You may emit foul miasma when damaged in melee. [demonic ancestry]
  3163 | D:5      | Reached XP level 8. HP: 39/52 MP: 11/15
  3195 | D:5      | Found a glowing drain.
  3236 | Sewer    | Entered a sewer
  3445 | Sewer    | Reached * piety under Vehumet
  3445 | Sewer    | Offered knowledge of Shock by Vehumet.
  3616 | Sewer    | Offered knowledge of Freeze by Vehumet.
  3626 | Sewer    | Reached ** piety under Vehumet
  4251 | D:4      | Killed Duvessa
  4724 | D:6      | Learned a level 5 spell: Fireball
  4955 | D:6      | Found a blossoming altar of Fedhas.
  5373 | D:6      | Found a glowing golden altar of the Shining One.
  5538 | D:7      | Gained mutation: You frequently emit foul miasma when damaged in melee. [demonic ancestry]
  5538 | D:7      | Reached XP level 9. HP: 57/57 MP: 18/18
  5545 | D:7      | Found a staircase to the Ecumenical Temple.
  5583 | D:7      | Found Teycvy's Armour Emporium.
  5599 | D:7      | Offered knowledge of Mephitic Cloud by Vehumet.
  5711 | D:7      | Reached *** piety under Vehumet
  5838 | D:7      | Upgraded the game from 0.20.0-10-g0535bb4 to 0.20.0-14-g326068f
  5941 | D:7      | Found a sand-covered staircase.
  5950 | Ossuary  | Entered an ossuary
  5985 | Ossuary  | Offered knowledge of Iskenderun's Mystic Blast by Vehumet.
  6695 | D:8      | Reached **** piety under Vehumet
  6712 | D:8      | Learned a level 4 spell: Iskenderun's Mystic Blast
  6721 | D:8      | Found Rakk's Distillery.
  6724 | D:8      | Bought a potion of lignification for 42 gold pieces
  6779 | D:8      | Noticed Maurice
  6784 | D:8      | Noticed a two-headed ogre
  6784 | D:8      | Killed Maurice
  6799 | D:8      | Killed a two-headed ogre
  6799 | D:8      | Gained mutation: You have razor-sharp toenails. [demonic ancestry]
  6799 | D:8      | Reached XP level 10. HP: 10/63 MP: 2/21
  7196 | D:8      | Offered knowledge of Olgreb's Toxic Radiance by Vehumet.
  7671 | D:8      | Found a staircase to the Lair.
  8131 | D:8      | Noticed a two-headed ogre
  8137 | D:8      | Killed a two-headed ogre
  8346 | D:9      | Noticed a cyclops
  8352 | D:9      | Killed a cyclops
  8356 | D:9      | Reached ***** piety under Vehumet
  8416 | D:9      | Noticed a five-headed hydra
  8426 | D:9      | Killed a five-headed hydra
  8426 | D:9      | Gained mutation: You have claws for feet. [demonic ancestry]
  8426 | D:9      | Reached XP level 11. HP: 48/68 MP: 16/24
  8442 | D:9      | Offered knowledge of Venom Bolt by Vehumet.
  8442 | D:9      | Reached skill level 10 in Conjurations
  8591 | D:9      | Noticed a fire giant
  8601 | D:9      | Learned a level 5 spell: Venom Bolt
  8634 | D:9      | Killed a fire giant
  8914 | D:9      | Noticed a centaur warrior
  8919 | D:9      | Killed a centaur warrior
  8919 | D:9      | Reached skill level 10 in Fire Magic
  9162 | D:9      | Found a staircase to the Orcish Mines.
  9201 | D:9      | Noticed a yaktaur captain
  9201 | D:9      | Noticed a deep elf archer
  9206 | D:9      | Killed a deep elf archer
  9208 | D:9      | Killed a yaktaur captain
  9208 | D:9      | Reached skill level 10 in Spellcasting
  9517 | D:10     | Entered Level 10 of the Dungeon
 11374 | D:12     | Upgraded the game from 0.20.0-14-g326068f to 0.20.0-15-g7f486f2
 11544 | D:11     | Reached XP level 12. HP: 60/74 MP: 5/26
 11621 | D:12     | Offered knowledge of Irradiate by Vehumet.
 11725 | D:12     | Noticed a six-headed hydra
 11730 | D:12     | Killed a six-headed hydra
 12118 | D:12     | Noticed Urug
 12325 | D:12     | Killed Urug
 12867 | Lair:1   | Entered Level 1 of the Lair of Beasts
 13186 | Lair:1   | Noticed an eight-headed hydra
 13193 | Lair:1   | Reached skill level 1 in Fighting
 13197 | Lair:1   | Killed an eight-headed hydra
 13323 | Lair:1   | Noticed a four-headed hydra
 13327 | Lair:1   | Killed a four-headed hydra
 13613 | Lair:2   | Noticed an eight-headed hydra
 13616 | Lair:2   | Killed an eight-headed hydra
 13682 | Lair:2   | Noticed a death yak
 13686 | Lair:2   | Noticed a death yak
 13687 | Lair:2   | Noticed a death yak
 13689 | Lair:2   | Noticed a death yak
 13689 | Lair:2   | Killed a death yak
 13689 | Lair:2   | Gained mutation: You regenerate magic rapidly. [demonic ancestry]
 13689 | Lair:2   | Reached XP level 13. HP: 86/86 MP: 18/28
 13787 | Lair:2   | Reached skill level 5 in Stealth
 13798 | Lair:2   | Noticed Erica
 14108 | Lair:2   | Killed Erica
 14568 | Lair:2   | Reached skill level 5 in Dodging
 14587 | Lair:3   | Reached skill level 5 in Fighting
 14982 | Lair:3   | Noticed Prince Ribbit
 14993 | Lair:3   | Killed Prince Ribbit
 15455 | Lair:3   | Got a brightly glowing cloak
 15461 | Lair:3   | Identified the +0 cloak of Tifollib {rPois rF- rN+ Dex+4} (You found it on level 3 of the Lair of Beasts)
 15755 | Lair:3   | Offered knowledge of Bolt of Magma by Vehumet.
 15766 | Lair:3   | Learned a level 5 spell: Bolt of Magma
 15909 | Lair:4   | Found a staircase to the Shoals.
 16262 | Lair:4   | Identified the Reference Book on Entrancing Transmigration
 16271 | Lair:4   | Found a staircase to the Snake Pit.
 16276 | Lair:4   | Learned a level 3 spell: Mephitic Cloud
 16451 | Lair:4   | You fall through a shaft!
 16478 | Lair:5   | Found a dark tunnel.
 16496 | Volcano  | Entered a volcano
 16567 | Volcano  | Noticed a red draconian
 16639 | Volcano  | Found a bloodstained altar of Trog.
 16785 | Volcano  | Killed a red draconian
 16954 | Lair:5   | Reached XP level 14. HP: 84/103 MP: 29/29
 18604 | Lair:4   | Noticed Nessos
 18614 | Lair:4   | Killed Nessos
 19013 | Lair:6   | Entered Level 6 of the Lair of Beasts
 19841 | Lair:6   | Reached skill level 10 in Stealth
 19844 | Lair:6   | Found a burning altar of Makhleb.
 20080 | Lair:6   | Offered knowledge of Lee's Rapid Deconstruction by Vehumet.
 20130 | Lair:6   | Reached skill level 10 in Fighting
 20156 | Lair:6   | Noticed an entropy weaver
 20160 | Lair:6   | Killed an entropy weaver
 20558 | Lair:6   | Noticed an entropy weaver
 20571 | Lair:6   | Killed an entropy weaver
 20571 | Lair:6   | Gained mutation: You are mostly covered in thin metallic scales. (AC +3) [demonic ancestry]
 20571 | Lair:6   | Reached XP level 15. HP: 39/117 MP: 5/30
 21389 | Lair:6   | Found a staircase to the Slime Pits.
 21575 | Lair:6   | Found a gateway to Hell.
 21812 | Lair:6   | Offered knowledge of Ozocubu's Refrigeration by Vehumet.
 22036 | Orc:1    | Entered Level 1 of the Orcish Mines
 22192 | Orc:2    | Entered Level 2 of the Orcish Mines
 22432 | Orc:2    | Found Guannat's Food Shoppe.
 22821 | Orc:2    | Found Ysileclogg's Food Emporium.
 23760 | Orc:2    | Found a staircase to the Elven Halls.
 23850 | Orc:2    | Noticed Rupert
 23856 | Orc:2    | Killed Rupert
 24148 | Orc:2    | Found Gede's Antique Weapon Boutique.
 24148 | Orc:2    | Found Foxzif's Gadget Shop.
 24149 | Orc:2    | Found a one-way gate leading to the halls of Pandemonium.
 24357 | Orc:1    | Reached ****** piety under Vehumet
 24453 | Orc:1    | Found Unnounge's Antique Armour Shop.
 24453 | Orc:1    | Noticed an orc warlord
 24453 | Orc:1    | Noticed Harold
 24663 | Orc:1    | Offered knowledge of Bolt of Fire by Vehumet.
 24670 | Orc:1    | Killed Harold
 24675 | Orc:1    | Killed an orc warlord
 24684 | Orc:1    | Learned a level 6 spell: Bolt of Fire
 24714 | Orc:1    | Bought a runed buckler for 157 gold pieces
 24714 | Orc:1    | Bought a steaming leather armour for 147 gold pieces
 24732 | Orc:1    | Identified the cursed +0 leather armour of Courage {rPois rN+++ MR++ Str-5} (You bought it in a shop on level 1 of the Orcish Mines)
 25238 | D:13     | Reached skill level 1 in Shields
 25242 | D:13     | Found a gate to the Vaults.
 25286 | D:13     | Found Bisuf's Jewellery Shop.
 25632 | D:13     | Gained mutation: Your magical and physical power is slightly enhanced at high health. [demonic ancestry]
 25632 | D:13     | Reached XP level 16. HP: 117/124 MP: 32/32
 26378 | D:14     | Noticed Mrebitz's ghost (novice FoEE)
 26379 | D:14     | Killed Mrebitz's ghost
 26450 | D:14     | Gained mutation: Your muscles are strong. (Str +2) [mutagenic meat]
 27066 | Shoals:1 | Entered Level 1 of the Shoals
 27095 | Shoals:1 | Noticed Aizul
 27135 | Shoals:1 | Noticed Kirke
 27149 | Shoals:1 | Killed Kirke
 27203 | Shoals:1 | Found a frozen archway.
 27209 | IceCv    | Entered an ice cave
 27234 | IceCv    | Offered knowledge of Orb of Destruction by Vehumet.
 27761 | IceCv    | Identified the Disquisition on Burning Toxins
 27924 | Shoals:1 | Killed Aizul
 28417 | Shoals:1 | Found an ancient bone altar of Kikubaaqudgha.
 28692 | Shoals:2 | Lost mutation: Your muscles are strong. (Str +2) [potion of mutation]
 28692 | Shoals:2 | Gained mutation: Scrolls take you a little longer to read. [potion of mutation]
 28692 | Shoals:2 | Gained mutation: Your magical capacity is low. (-10% MP) [potion of mutation]
 28692 | Shoals:2 | Gained mutation: Your mind is acute. (Int +2) [potion of mutation]
 28693 | Shoals:2 | Lost mutation: Your mind is acute. (Int +2) [potion of mutation]
 28693 | Shoals:2 | Lost mutation: Scrolls take you a little longer to read. [potion of mutation]
 28693 | Shoals:2 | Lost mutation: Your magical capacity is low. (-10% MP) [potion of mutation]
 28693 | Shoals:2 | Gained mutation: You are resistant to hostile enchantments. (MR+) [potion of mutation]
 28693 | Shoals:2 | Gained mutation: You can translocate small distances at will. [potion of mutation]
 28693 | Shoals:2 | Gained mutation: Your magical capacity is low. (-10% MP) [potion of mutation]
 28693 | Shoals:2 | Gained mutation: You are somewhat resistant to further mutation. [potion of mutation]
 28694 | Shoals:2 | Lost mutation: You are somewhat resistant to further mutation. [potion of mutation]
 28694 | Shoals:2 | Lost mutation: You are resistant to hostile enchantments. (MR+) [potion of mutation]
 28694 | Shoals:2 | Lost mutation: You can translocate small distances at will. [potion of mutation]
 28694 | Shoals:2 | Lost mutation: Your magical capacity is low. (-10% MP) [potion of mutation]
 28694 | Shoals:2 | Gained mutation: Your system is resistant to poisons. (rPois) [potion of mutation]
 28694 | Shoals:2 | Gained mutation: Your flesh is cold resistant. (rC+) [potion of mutation]
 28694 | Shoals:2 | Gained mutation: You are somewhat resistant to further mutation. [potion of mutation]
 28711 | Shoals:2 | Got a pitted glaive
 28720 | Shoals:2 | Identified the +7 glaive of Subterfuge {chop, MR+} (You found it on level 2 of the Shoals)
 28747 | Shoals:2 | Noticed a kraken
 28765 | Shoals:2 | Noticed a kraken
 28814 | Shoals:2 | Noticed a kraken
 28823 | Shoals:2 | Killed a kraken
 28825 | Shoals:2 | Killed a kraken
 28855 | Shoals:2 | Killed a kraken
 28855 | Shoals:2 | Reached skill level 5 in Shields
 28878 | Shoals:2 | Noticed a kraken
 28887 | Shoals:2 | Killed a kraken
 29652 | Shoals:2 | Got a bloodstained leather armour
 29672 | Shoals:2 | Identified the +1 leather armour "Jootots" {+Fly rPois MR+ Int-4} (You found it on level 2 of the Shoals)
 29985 | Shoals:3 | Reached XP level 17. HP: 129/129 MP: 34/34
 30004 | Shoals:3 | Learned a level 7 spell: Orb of Destruction
 30060 | Shoals:3 | Offered knowledge of Lehudib's Crystal Spear by Vehumet.
 30060 | Shoals:3 | Offered knowledge of Fire Storm by Vehumet.
 30060 | Shoals:3 | Offered knowledge of Tornado by Vehumet.
 30249 | Shoals:4 | Entered Level 4 of the Shoals
 30537 | Shoals:4 | Noticed Ilsuiw
 30538 | Shoals:4 | Reached skill level 15 in Conjurations
 30840 | Shoals:4 | Killed Ilsuiw
 30862 | Shoals:4 | Got a blackened leather armour
 30876 | Shoals:4 | Identified the +1 leather armour of Hopscotch {Dex+4} (You found it on level 4 of the Shoals)
 31281 | Shoals:4 | Got a barnacled rune of Zot
 31622 | D:15     | Entered Level 15 of the Dungeon
 31706 | D:15     | Noticed Roxanne
 31740 | D:15     | Killed Roxanne
 31890 | D:15     | Noticed Josephine
 31891 | D:15     | Killed Josephine
 31906 | D:15     | Found Casse's Assorted Antiques.
 31939 | D:15     | Noticed Azrael
 32237 | D:15     | Killed Azrael
 32371 | D:15     | Found a staircase to the Depths.
 32667 | D:15     | Found an ancient bone altar of Kikubaaqudgha.
 32910 | Vaults:1 | Entered Level 1 of the Vaults
 32926 | Vaults:1 | Reached skill level 15 in Fire Magic
 32929 | Vaults:1 | Reached XP level 18. HP: 136/136 MP: 36/36
 33116 | Vaults:1 | Identified a scroll of acquirement
 33118 | Vaults:1 | Got a pair of warped gloves
 33130 | Vaults:1 | Identified the +2 pair of gloves "Haggufri" {Dex+5} (You acquired it on level 1 of the Vaults)
 33359 | Vaults:1 | Reached skill level 15 in Spellcasting
 34194 | Vaults:2 | Found Toenimim's Book Shop.
 34545 | Vaults:2 | Found Wudera's Food Boutique.
 34905 | Vaults:2 | Paralysed by an orc sorcerer for 4 turns
 35098 | Vaults:2 | Found Neugemur's Armour Shop.
 35612 | Vaults:2 | Gained mutation: When low on magic, you restore magic in place of health. [demonic ancestry]
 35612 | Vaults:2 | Reached XP level 19. HP: 142/142 MP: 38/38
 35691 | Vaults:2 | Found Ugroma Fehu's General Store.
 35697 | Vaults:2 | Bought a potion of haste for 200 gold pieces
 35720 | Vaults:2 | Found Igrybbeu's Magic Scroll Boutique.
 35740 | Vaults:2 | Bought a scroll of identify for 44 gold pieces
 35740 | Vaults:2 | Bought a scroll of blinking for 165 gold pieces
 35740 | Vaults:2 | Bought a scroll of identify for 44 gold pieces
 35740 | Vaults:2 | Bought a scroll of amnesia for 77 gold pieces
 35754 | Vaults:2 | Bought a scroll of identify for 44 gold pieces
 35754 | Vaults:2 | Bought a scroll of amnesia for 77 gold pieces
 35757 | Vaults:2 | Bought a scroll of acquirement for 1144 gold pieces
 35763 | Vaults:2 | Got a bloodstained shield
 35775 | Vaults:2 | Identified the +5 shield "Cehuuph" {rElec rN+ Dex+4} (You acquired it on level 2 of the Vaults)
 35896 | Vaults:2 | Paralysed by a wizard for 5 turns
 36411 | Vaults:3 | Noticed Mara
 36569 | Vaults:3 | Found a staircase to the Crypt.
 36585 | Vaults:3 | Paralysed by a Zot trap for 3 turns
 37251 | Vaults:4 | Found Celavas's Gadget Emporium.
 37764 | Vaults:4 | Reached XP level 20. HP: 115/149 MP: 28/40
 39032 | Snake:1  | Entered Level 1 of the Snake Pit
 39091 | Snake:1  | Found Xosops's Antique Weapon Emporium.
 39095 | Snake:1  | Found Ceycolaq's Food Shoppe.
 39096 | Snake:1  | Found Irew's Weapon Emporium.
 40069 | Snake:2  | Found Soruutiy's Jewellery Boutique.
 40069 | Snake:2  | Found Webliw's Gadget Emporium.
 40070 | Snake:2  | Found Boamit's Gadget Emporium.
 40077 | Snake:2  | Bought the ring of the Everdark {rPois rF+ MP+9 EV+2} for 706 gold pieces
 40166 | Snake:2  | Noticed Agnes
 40170 | Snake:2  | Killed Agnes
 40415 | Snake:2  | Lost mutation: You are somewhat resistant to further mutation. [potion of mutation]
 40415 | Snake:2  | Lost mutation: Your flesh is cold resistant. (rC+) [potion of mutation]
 40415 | Snake:2  | Gained mutation: Your flesh is heat resistant. (rF+) [potion of mutation]
 40415 | Snake:2  | Gained mutation: You have a pair of small horns on your head. [potion of mutation]
 40416 | Snake:2  | Lost mutation: You have a pair of small horns on your head. [potion of mutation]
 40416 | Snake:2  | Lost mutation: Your system is resistant to poisons. (rPois) [potion of mutation]
 40416 | Snake:2  | Lost mutation: Your flesh is heat resistant. (rF+) [potion of mutation]
 40416 | Snake:2  | Gained mutation: You have a pair of small horns on your head. [potion of mutation]
 40416 | Snake:2  | Gained mutation: Your mind is acute. (Int +2) [potion of mutation]
 40416 | Snake:2  | Gained mutation: You possess an exceptional clarity of mind. [potion of mutation]
 40595 | Snake:3  | Noticed Vashnia
 40599 | Snake:3  | Killed Vashnia
 41473 | Snake:4  | Entered Level 4 of the Snake Pit
 41480 | Snake:4  | Gained mutation: Your magical and physical power is enhanced at high health. [demonic ancestry]
 41480 | Snake:4  | Reached XP level 21. HP: 152/154 MP: 28/42
 41570 | Snake:4  | Noticed Asterion
 41626 | Snake:4  | Killed Asterion
 41631 | Snake:4  | Reached skill level 10 in Shields
 42645 | Snake:4  | Got a serpentine rune of Zot
 43205 | Snake:2  | Learned a level 9 spell: Fire Storm
 43604 | Vaults:3 | Noticed Dfrag's illusion
 43604 | Vaults:3 | Killed Mara
 43979 | Vaults:3 | Noticed Donald
 43981 | Vaults:3 | Killed Donald
 44364 | Depths:1 | Entered Level 1 of the Depths
 44440 | Depths:1 | Reached XP level 22. HP: 161/161 MP: 38/44
 44711 | Depths:1 | Found Cutowih's Antique Weapon Shoppe.
 44856 | Depths:1 | Found Ciurifiu's Serpentskin Sales.
 45004 | Depths:2 | Noticed a caustic shrike
 45095 | Depths:2 | Killed a caustic shrike
 45565 | Depths:2 | Got a pearl-encrusted leather armour
 45576 | Depths:2 | Identified the +2 leather armour of the Amoeba {+Blink +Inv Dex-4 SInv} (You found it on level 2 of the Depths)
 45602 | Depths:3 | Found Daniligh's General Store.
 45722 | Depths:3 | Found a runed door.
 45777 | Depths:3 | Found a one-way gate to the infinite horrors of the Abyss.
 45790 | Depths:3 | Noticed Saint Roka
 45794 | Depths:3 | Killed Saint Roka
 46365 | Depths:4 | Found Obirgh's General Store.
 46371 | Depths:4 | Found Koffa's General Store.
 46531 | Depths:4 | Reached XP level 23. HP: 95/167 MP: 44/45
 47023 | Depths:4 | Found Jeagg's Antique Armour Shoppe.
 47040 | Depths:4 | Found a gateway to a ziggurat.
 47452 | Depths:5 | Entered Level 5 of the Depths
 47621 | Depths:5 | Found a gate to the Realm of Zot.
 48818 | Slime:1  | Entered Level 1 of the Pits of Slime
 49051 | Slime:2  | Noticed Dissolution
 49066 | Slime:2  | Killed Dissolution
 49431 | Slime:3  | Gained mutation: Your magical and physical power is greatly enhanced at high health. [demonic ancestry]
 49431 | Slime:3  | Reached XP level 24. HP: 174/174 MP: 46/46
 49786 | Slime:2  | Gained mutation: Your body sometimes deteriorates upon taking damage. [a shining eye]
 50266 | Slime:5  | Entered Level 5 of the Pits of Slime
 50283 | Slime:5  | Noticed the Royal Jelly
 50287 | Slime:5  | Killed the Royal Jelly
 50472 | Slime:5  | Got a brightly glowing broad axe
 50473 | Slime:5  | Identified the +11 broad axe of the Sneaky Ghosts {drain, MR+ Str+2} (You found it on level 5 of the Pits of Slime)
 50546 | Slime:5  | Identified the Volume of Air
 50558 | Slime:5  | Got a shimmering lajatang
 50559 | Slime:5  | Identified the +8 lajatang of the Final Decision {pain, rPois rC- MP+9} (You found it on level 5 of the Pits of Slime)
 50593 | Slime:5  | Got a slimy rune of Zot
 50675 | Slime:5  | Got a warped plate armour
 50676 | Slime:5  | Identified the +1 plate armour of the Hidden Vale {*Drain rF+ Int+4 Dex+2} (You found it on level 5 of the Pits of Slime)
 51239 | Elf:1    | Entered Level 1 of the Elven Halls
 51253 | Elf:1    | Found a radiant altar of Vehumet.
 51511 | Elf:1    | Found an ancient bone altar of Kikubaaqudgha.
 51561 | Elf:1    | Noticed Frances
 51566 | Elf:1    | Killed Frances
 52200 | Elf:1    | Identified the Incunabulum of the Creative Glacier
 52294 | Elf:2    | Found Qiem's Gadget Emporium.
 52346 | Elf:2    | Reached skill level 1 in Air Magic
 52352 | Elf:2    | Reached skill level 15 in Shields
 52549 | Elf:2    | Found a runed gate.
 52549 | Elf:2    | Found a runed gate.
 52550 | Elf:2    | Found a runed gate.
 52727 | Elf:2    | Gained mutation: You are completely covered in thin metallic scales. (AC +4, rElec) [demonic ancestry]
 52727 | Elf:2    | Reached XP level 25. HP: 131/179 MP: 7/47
 53080 | Elf:3    | Entered Level 3 of the Elven Halls
 53127 | Elf:3    | Found Esoenn's Assorted Antiques.
 53262 | Elf:3    | Reached skill level 5 in Air Magic
 53264 | Elf:3    | Cast into level 3 of the Abyss (a deep elf sorcerer)
 53314 | Elf:3    | Escaped the Abyss
 53492 | Elf:3    | Identified the Almanac of Ignition
 53495 | Elf:3    | Identified the Guide on Shape Shifting
 53515 | Elf:3    | Got a brightly glowing platinum ring
 53518 | Elf:3    | Identified the ring of Eptaj {rCorr rC+ MP+9 Str+4 Dex-2} (You found it on level 3 of the Elven Halls)
 53545 | Elf:3    | Identified the Disquisition on Destructive Snow
 53551 | Elf:3    | Got a translucent tin ring
 53552 | Elf:3    | Identified the ring of the Ageless Songs {rN+ MR+ AC+4 Int+5} (You found it on level 3 of the Elven Halls)
 53584 | Elf:3    | Got a jewelled dire flail
 53585 | Elf:3    | Identified the +10 dire flail of Ravage {crush, +Blink rElec rC-} (You found it on level 3 of the Elven Halls)
 53615 | Elf:3    | Identified Fimuewu's Guide on Quantum Execration
 53655 | Elf:3    | Identified the Papyrus of Enchanting Illusion
 53662 | Elf:3    | Got a brightly glowing flail
 53663 | Elf:3    | Identified the +8 flail of Annoyance {flame, +Blink rC+++} (You found it on level 3 of the Elven Halls)
 53670 | Elf:3    | Got an encrusted glaive
 53673 | Elf:3    | Got a brightly glowing scale mail
 53674 | Elf:3    | Identified the cursed +0 scale mail "Bemnesm" {MP+9} (You found it on level 3 of the Elven Halls)
 53845 | Elf:3    | Noticed titanjones's ghost (adept HOMo)
 53851 | Elf:3    | Killed titanjones's ghost
 53882 | Elf:3    | Found Rycasos's Elven Fire.
 54543 | Vaults:5 | Entered Level 5 of the Vaults
 54882 | Vaults:5 | Noticed an ancient lich
 54887 | Vaults:5 | Killed an ancient lich
 54888 | Vaults:5 | Noticed Mennas
 55176 | Vaults:5 | Killed Mennas
 55176 | Vaults:5 | Reached skill level 10 in Air Magic
 55435 | Vaults:5 | Reached XP level 26. HP: 175/195 MP: 30/47
 55517 | Vaults:5 | Noticed an ancient lich
 55520 | Vaults:5 | Killed an ancient lich
 55633 | Vaults:5 | Noticed an ancient lich
 55639 | Vaults:5 | Killed an ancient lich
 55856 | Vaults:5 | Got a heavily runed tin ring
 55857 | Vaults:5 | Identified the ring "Kemifihio" {rCorr Dex+3} (You took it off an orc on level 5 of the Vaults)
 55878 | Vaults:5 | Identified the Collected Works on the Birds and the Rocks
 55956 | Vaults:5 | Reached skill level 15 in Fighting
 56052 | Vaults:5 | Got a brightly glowing robe
 56053 | Vaults:5 | Identified the +1 robe of Dergh {rCorr} (You took it off a yaktaur captain on level 5 of the Vaults)
 56056 | Vaults:5 | Got a dazzling large shield
 56067 | Vaults:5 | Identified the cursed +0 large shield "Kiskekau" {MR++} (You took it off a deep elf mage on level 5 of the Vaults)
 56295 | Vaults:5 | Got a silver rune of Zot
 56441 | Vaults:5 | Got a bloodstained robe
 56443 | Vaults:5 | Identified the +1 robe of New Discoveries {rElec} (You found it on level 5 of the Vaults)
 56740 | Crypt:1  | Entered Level 1 of the Crypt
 57097 | Depths:3 | Bought a scroll of acquirement for 884 gold pieces
 57097 | Depths:3 | Bought a scroll of fear for 59 gold pieces
 57190 | Depths:3 | Found a runed door.
 58465 | Crypt:2  | Reached XP level 27. HP: 207/207 MP: 47/47
 58470 | Crypt:2  | Noticed Sojobo
 58475 | Crypt:2  | Killed Sojobo
 58572 | Crypt:2  | Reached skill level 15 in Air Magic
 59131 | Crypt:3  | Entered Level 3 of the Crypt
 59325 | Crypt:2  | Learned a level 9 spell: Tornado
 59364 | Crypt:3  | Found a staircase to the Tomb.
 60714 | Crypt:3  | Got a fabulously ornate robe
 60716 | Crypt:3  | Identified the +1 robe of Raoppiuh {rN+} (You took it off a guardian mummy on level 3 of the Crypt)
 60894 | Crypt:3  | Got a vibrating pewter ring
 60897 | Crypt:3  | Identified the ring "Nyfruap" {rF- rC++ rN+ Str+3 Dex+2 Stlth+} (You found it on level 3 of the Crypt)
 61175 | Vaults:2 | Bought a meat ration for 50 gold pieces
 61175 | Vaults:2 | Bought a meat ration for 50 gold pieces
 61175 | Vaults:2 | Bought a meat ration for 50 gold pieces
 61175 | Vaults:2 | Bought a meat ration for 50 gold pieces
 61175 | Vaults:2 | Bought a meat ration for 50 gold pieces
 61175 | Vaults:2 | Bought a meat ration for 50 gold pieces
 61175 | Vaults:2 | Bought a meat ration for 50 gold pieces
 61176 | Vaults:2 | Bought a royal jelly for 20 gold pieces
 61176 | Vaults:2 | Bought a royal jelly for 20 gold pieces
 61176 | Vaults:2 | Bought a royal jelly for 20 gold pieces
 61459 | Zig:1    | Entered Level 1 of a ziggurat
 61513 | Zig:2    | Entered Level 2 of a ziggurat
 61537 | Zig:3    | Entered Level 3 of a ziggurat
 61579 | Zig:4    | Entered Level 4 of a ziggurat
 61619 | Zig:5    | Entered Level 5 of a ziggurat
 61645 | Zig:5    | Got a scintillating brass ring
 61649 | Zig:5    | Identified the ring "Cein" {rN+ Int+3} (You found it on level 5 of a ziggurat)
 61660 | Zig:5    | Got a fine ring mail
 61661 | Zig:5    | Identified the +2 ring mail of Time Monsters {Regen+ rCorr Dex+2} (You found it on level 5 of a ziggurat)
 61671 | Zig:6    | Entered Level 6 of a ziggurat
 61696 | Zig:6    | Got a scintillating zirconium amulet
 61697 | Zig:6    | Identified the amulet "Qityukk" {Faith rPois rC+ Dex+3} (You found it on level 6 of a ziggurat)
 61755 | Zig:7    | Entered Level 7 of a ziggurat
 61837 | Zig:8    | Entered Level 8 of a ziggurat
 61837 | Zig:8    | Noticed triglyceri's ghost (legendary GrFi)
 61849 | Zig:8    | Noticed a juggernaut
 61853 | Zig:8    | Killed a juggernaut
 61859 | Zig:8    | Killed triglyceri's ghost
 61899 | Zig:8    | Identified Sidd's Lost Secrets of Witchcraft
 61912 | Zig:9    | Entered Level 9 of a ziggurat
 61916 | Zig:9    | Noticed a greater mummy
 61921 | Zig:9    | Killed a greater mummy
 61958 | Zig:9    | Noticed a greater mummy
 61961 | Zig:9    | Killed a greater mummy
 61976 | Zig:9    | Noticed a greater mummy
 61978 | Zig:9    | Killed a greater mummy
 62268 | Zig:9    | Got a shimmering hand crossbow
 62288 | Zig:10   | Entered Level 10 of a ziggurat
 62317 | Zig:10   | Got a translucent large shield
 62325 | Zig:10   | Identified the +0 large shield "Utwusur" {rF- Regen+ rCorr Stlth+} (You acquired it on level 10 of a ziggurat)
 62343 | Zig:10   | Got a pair of ancient gloves
 62344 | Zig:10   | Identified the +1 pair of gloves of Limitation {Str+4 Int+4 Dex+3} (You found it on level 10 of a ziggurat)
 62377 | Zig:11   | Entered Level 11 of a ziggurat
 62416 | Zig:11   | Identified the Catalogue of Venom and Snow
 62425 | Zig:11   | Identified the Papyrus of Ignition
 62455 | Zig:12   | Entered Level 12 of a ziggurat
 62832 | Zig:12   | Identified the Disquisition on Curses
 62836 | Zig:12   | Got a twitching steel ring
 62837 | Zig:12   | Identified the ring "Punoxtoe" {rPois Slay+2} (You found it on level 12 of a ziggurat)
 62862 | Zig:13   | Entered Level 13 of a ziggurat
 62877 | Zig:13   | Killed an ancient lich
 62974 | Zig:14   | Entered Level 14 of a ziggurat
 62994 | Zig:14   | Noticed Asaacwo the pandemonium lord
 62998 | Zig:14   | Killed Asaacwo the pandemonium lord
 63022 | Zig:14   | Identified the Catalogue of Assistive Execration
 63167 | Zig:14   | Got a slimy crystal plate armour
 63168 | Zig:14   | Identified the +9 crystal plate armour of the Pit {rElec} (You found it on level 14 of a ziggurat)
 63174 | Zig:15   | Entered Level 15 of a ziggurat
 63179 | Zig:15   | Noticed Salasann's ghost (legendary DsGl)
 63186 | Zig:15   | Killed Salasann's ghost
 63391 | Zig:15   | Got black opal-studded fire dragon scales
 63392 | Zig:15   | Identified the +4 fire dragon scales of the Fisher {rF++ rC- rN+ Regen+} (You found it on level 15 of a ziggurat)
 63429 | Zig:16   | Entered Level 16 of a ziggurat
 63447 | Zig:16   | Gained mutation: Your body often deteriorates upon taking damage. [a shining eye]
 63497 | Zig:17   | Entered Level 17 of a ziggurat
 63597 | Zig:17   | Got a slimy lead ring
 63598 | Zig:17   | Identified the ring of Davvuxio {rF- rC+ Str+9 Dex-3 Stlth+} (You found it on level 17 of a ziggurat)
 63824 | Zig:18   | Entered Level 18 of a ziggurat
 63844 | Zig:18   | Noticed a greater mummy
 63845 | Zig:18   | Killed a greater mummy
 63847 | Zig:18   | Noticed a greater mummy
 63850 | Zig:18   | Killed a greater mummy
 63850 | Zig:18   | Killed a greater mummy
 63852 | Zig:18   | Noticed a greater mummy
 63852 | Zig:18   | Killed a greater mummy
 63860 | Zig:18   | Killed a greater mummy
 63867 | Zig:18   | Noticed a greater mummy
 63868 | Zig:18   | Noticed a greater mummy
 63920 | Zig:18   | Noticed a greater mummy
 63927 | Zig:18   | Killed a greater mummy
 63928 | Zig:18   | Killed a greater mummy
 63986 | Zig:18   | Killed a greater mummy
 64520 | Zig:19   | Entered Level 19 of a ziggurat
 64537 | Zig:19   | Noticed a juggernaut
 64542 | Zig:19   | Noticed a juggernaut
 64543 | Zig:19   | Killed a juggernaut
 64545 | Zig:19   | Killed a juggernaut
 64699 | Zig:19   | Got a flickering steel ring
 64700 | Zig:19   | Identified the ring "Nexu" {rPois MR+ Str+4 Dex-3} (You found it on level 19 of a ziggurat)
 64709 | Zig:20   | Entered Level 20 of a ziggurat
 64724 | Zig:20   | Noticed a juggernaut
 64725 | Zig:20   | Noticed a juggernaut
 64725 | Zig:20   | Noticed a juggernaut
 64725 | Zig:20   | Noticed a juggernaut
 64727 | Zig:20   | Noticed a juggernaut
 64727 | Zig:20   | Killed a juggernaut
 64727 | Zig:20   | Killed a juggernaut
 64728 | Zig:20   | Killed a juggernaut
 64729 | Zig:20   | Noticed a juggernaut
 64729 | Zig:20   | Killed a juggernaut
 64730 | Zig:20   | Noticed a juggernaut
 64731 | Zig:20   | Noticed a juggernaut
 64731 | Zig:20   | Killed a juggernaut
 64731 | Zig:20   | Killed a juggernaut
 64733 | Zig:20   | Killed a juggernaut
 64736 | Zig:20   | Killed a juggernaut
 64767 | Zig:20   | Got fine pearl dragon scales
 64768 | Zig:20   | Identified the +7 pearl dragon scales "Moylod Keedd" {rN+ Str+3 Stlth+} (You found it on level 20 of a ziggurat)
 64912 | Zig:20   | Got a fine plate armour
 64923 | Zig:20   | Identified the cursed +1 plate armour of the Saviour {rC- rN+ Str-2 Int+9} (You found it on level 20 of a ziggurat)
 64942 | Zig:21   | Entered Level 21 of a ziggurat
 65000 | Zig:21   | Got a coiled silver ring
 65001 | Zig:21   | Identified the ring "Rioq" {+Blink +Inv +Fly rC++} (You found it on level 21 of a ziggurat)
 65003 | Zig:21   | Got a faintly glowing copper ring
 65004 | Zig:21   | Identified the ring "Uruatott" {rF+ MR+ MP+9 Dex+3 SInv} (You found it on level 21 of a ziggurat)
 65012 | Zig:21   | Got a vibrating platinum ring
 65013 | Zig:21   | Identified the ring "Vunn" {*Tele rC- Str+6 SInv} (You found it on level 21 of a ziggurat)
 65020 | Zig:21   | Identified Sif Muna's Volume of Entrancing Good Luck
 65055 | Zig:22   | Entered Level 22 of a ziggurat
 65121 | Zig:22   | Got a flickering platinum amulet
 65122 | Zig:22   | Identified the amulet of the Ladybird {Faith rC+ rN+ MR+++ Slay-5} (You found it on level 22 of a ziggurat)
 65131 | Zig:22   | Identified the Grimoire of Shifting Augmentations
 65138 | Zig:22   | Got an encrusted cloak
 65149 | Zig:22   | Identified the +1 cloak of Ishrug {Regen+} (You found it on level 22 of a ziggurat)
 65164 | Zig:22   | Identified Wucasug's Grimoire of the Torrid Voyage
 65231 | Zig:23   | Entered Level 23 of a ziggurat
 65277 | Zig:23   | Noticed an ancient lich
 65279 | Zig:23   | Killed an ancient lich
 65337 | Zig:23   | Got a slimy hat
 65341 | Zig:23   | Identified the +2 hat "Komm" {rElec rF++ Str+4} (You found it on level 23 of a ziggurat)
 65354 | Zig:23   | Got a wavering lead amulet
 65355 | Zig:23   | Identified the amulet "Amineas" {+Rage Dex+2} (You found it on level 23 of a ziggurat)
 65364 | Zig:23   | Got a colourful robe
 65365 | Zig:23   | Identified the cursed +1 robe "Pul Qezi" {rCorr Str+2} (You found it on level 23 of a ziggurat)
 65384 | Zig:23   | Identified the Collected Works on Transmutation
 65391 | Zig:24   | Entered Level 24 of a ziggurat
 65504 | Zig:25   | Entered Level 25 of a ziggurat
 65514 | Zig:25   | Noticed a greater mummy
 65514 | Zig:25   | Noticed a greater mummy
 65516 | Zig:25   | Noticed a greater mummy
 65521 | Zig:25   | Killed a greater mummy
 65525 | Zig:25   | Killed a greater mummy
 65526 | Zig:25   | Noticed a greater mummy
 65526 | Zig:25   | Killed a greater mummy
 65526 | Zig:25   | Killed a greater mummy
 65527 | Zig:25   | Noticed a greater mummy
 65528 | Zig:25   | Killed a greater mummy
 65530 | Zig:25   | Noticed a greater mummy
 65532 | Zig:25   | Noticed a greater mummy
 65533 | Zig:25   | Noticed a greater mummy
 65542 | Zig:25   | Killed a greater mummy
 65542 | Zig:25   | HP: 1/215 [guardian mummy's death curse (27)]
 65542 | Zig:25   | Killed a greater mummy
 65549 | Zig:25   | Noticed a greater mummy
 65569 | Zig:25   | Noticed a greater mummy
 65569 | Zig:26   | Entered Level 26 of a ziggurat
 65833 | Zig:26   | Got an ancient silver ring
 65834 | Zig:26   | Identified the ring "Fifosad" {*Tele rF+ Stlth+} (You found it on level 26 of a ziggurat)
 65843 | Zig:26   | Got an ancient steel ring
 65844 | Zig:26   | Identified the ring "Decsec" {rN+ MP+9 Int+7 Stlth-} (You found it on level 26 of a ziggurat)
 65903 | Zig:27   | Entered Level 27 of a ziggurat
 65992 | Zig:27   | Identified the Handbook of Poisonous Bewitchment
 66021 | Zig:27   | Got a warped platinum ring
 66022 | Zig:27   | Identified the ring "Kinac" {+Fly rN+ MR+ Int+4} (You found it on level 27 of a ziggurat)
 66089 | Hell     | Entered the Vestibule of Hell
 66089 | Hell     | Noticed Geryon
 66095 | Hell     | Killed Geryon
 66187 | Hell     | Found a gateway to the freezing wastes of Cocytus.
 66227 | Coc:1    | Entered Level 1 of Cocytus
 66577 | Coc:1    | You fall through a shaft!
 66601 | Coc:2    | Gained mutation: Armour fits poorly on your strangely shaped body. [mutagenic glow]
 67731 | Coc:3    | Reached skill level 27 in Conjurations
 68072 | Coc:4    | Gained mutation: You are frail. (-10% HP) [mutagenic glow]
 68229 | Coc:5    | Lost mutation: Your body often deteriorates upon taking damage. [potion of mutation]
 68229 | Coc:5    | Lost mutation: You are frail. (-10% HP) [potion of mutation]
 68229 | Coc:5    | Lost mutation: Your mind is acute. (Int +2) [potion of mutation]
 68229 | Coc:5    | Gained mutation: Your system is resistant to poisons. (rPois) [potion of mutation]
 68230 | Coc:5    | Lost mutation: You have a pair of small horns on your head. [potion of mutation]
 68230 | Coc:5    | Lost mutation: Armour fits poorly on your strangely shaped body. [potion of mutation]
 68230 | Coc:5    | Lost mutation: Your system is resistant to poisons. (rPois) [potion of mutation]
 68230 | Coc:5    | Lost mutation: Your body sometimes deteriorates upon taking damage. [potion of mutation]
 68230 | Coc:5    | Gained mutation: You evolve. [potion of mutation]
 68291 | Coc:7    | Entered Level 7 of Cocytus
 68802 | Coc:7    | Noticed Antaeus
 68821 | Coc:7    | Killed Antaeus
 68856 | Coc:7    | Got an icy rune of Zot
 69178 | Hell     | Found a gateway to the ashen valley of Gehenna.
 69217 | Hell     | Found a gateway to the Iron City of Dis.
 69239 | Dis:1    | Entered Level 1 of the Iron City of Dis
 69459 | Dis:2    | Learned a level 8 spell: Lehudib's Crystal Spear
 70253 | Dis:7    | Entered Level 7 of the Iron City of Dis
 70750 | Dis:7    | Reached skill level 27 in Fire Magic
 70804 | Dis:7    | Reached skill level 27 in Spellcasting
 71056 | Dis:7    | Noticed the Serpent of Hell
 71082 | Dis:7    | Killed the Serpent of Hell
 71241 | Dis:7    | Noticed Dispater
 71245 | Dis:7    | Gained mutation: You occasionally shout uncontrollably at your foes. [mutagenic glow]
 71344 | Hell     | Gained mutation: Your body sometimes deteriorates upon taking damage. [mutagenic glow]
 71508 | Hell     | Lost mutation: Your body sometimes deteriorates upon taking damage. [potion of mutation]
 71508 | Hell     | Lost mutation: You occasionally shout uncontrollably at your foes. [potion of mutation]
 71508 | Hell     | Lost mutation: You possess an exceptional clarity of mind. [potion of mutation]
 71508 | Hell     | Lost mutation: You evolve. [potion of mutation]
 71508 | Hell     | Gained mutation: Scrolls take you a little longer to read. [potion of mutation]
 71508 | Hell     | Gained mutation: Your muscles are strong. (Str +2) [potion of mutation]
 71509 | Hell     | Lost mutation: Scrolls take you a little longer to read. [potion of mutation]
 71509 | Hell     | Lost mutation: Your muscles are strong. (Str +2) [potion of mutation]
 71509 | Hell     | Gained mutation: Armour fits poorly on your strangely shaped body. [potion of mutation]
 71509 | Hell     | Gained mutation: You possess an exceptional clarity of mind. [potion of mutation]
 71511 | Hell     | Lost mutation: Armour fits poorly on your strangely shaped body. [potion of mutation]
 71511 | Hell     | Lost mutation: You possess an exceptional clarity of mind. [potion of mutation]
 71512 | Hell     | Gained mutation: Scrolls take you a little longer to read. [potion of mutation]
 71513 | Hell     | Lost mutation: Scrolls take you a little longer to read. [potion of mutation]
 71514 | Hell     | Gained mutation: You have supernaturally acute eyesight. (SInv) [potion of mutation]
 71515 | Hell     | Lost mutation: You have supernaturally acute eyesight. (SInv) [potion of mutation]
 71516 | Hell     | Gained mutation: You have a pair of small horns on your head. [potion of mutation]
 71516 | Hell     | Gained mutation: Your muscles are strong. (Str +2) [potion of mutation]
 71517 | Hell     | Lost mutation: Your muscles are strong. (Str +2) [potion of mutation]
 71517 | Hell     | Lost mutation: You have a pair of small horns on your head. [potion of mutation]
 71517 | Hell     | Gained mutation: Your spells are a little harder to cast, but a little more powerful. [potion of mutation]
 71517 | Hell     | Gained mutation: You are robust. (+10% HP) [potion of mutation]
 71517 | Hell     | Gained mutation: You have a beak for a mouth. [potion of mutation]
 72551 | Dis:7    | Identified Sif Muna's Grimoire of Sinister Feathers
 72958 | Dis:7    | Killed Dispater
 73217 | Dis:7    | Identified the Handbook of the Oath and the Frostbite
 73220 | Dis:7    | Got an iron rune of Zot
 73447 | Hell     | Found a gateway to the decaying netherworld of Tartarus.
 73455 | Tar:1    | Entered Level 1 of Tartarus
 73641 | Tar:1    | Gained mutation: You are resistant to electric shocks. (rElec) [mutagenic glow]
 73679 | Tar:1    | Gained mutation: Your body sometimes deteriorates upon taking damage. [mutagenic glow]
 74373 | Tar:4    | You fall through a shaft!
 74528 | Tar:7    | Entered Level 7 of Tartarus
 75193 | Tar:7    | Noticed Ereshkigal
 75196 | Tar:7    | Killed Ereshkigal
 75218 | Tar:7    | Got a bone rune of Zot
 75811 | Hell     | Reached skill level 1 in Earth Magic
 76061 | Depths:4 | Voluntarily entered the Abyss.
 76250 | Abyss:1  | Reached skill level 5 in Earth Magic
 76425 | Abyss:1  | Found a corrupted altar of Lugonu.
 76476 | Abyss:1  | Found a corrupted altar of Lugonu.
 77025 | Abyss:2  | Reached skill level 10 in Earth Magic
 77324 | Abyss:3  | Got a distressingly furry scale mail
 77689 | Abyss:3  | Got an abyssal rune of Zot
 77774 | Abyss:3  | Reached skill level 15 in Earth Magic
 78072 | Depths:4 | Escaped the Abyss
 78089 | Depths:4 | Identified the +1 scale mail "Zimec" {rElec rF+ Str-5 Dex+2} (You found it on level 3 of the Abyss)
 78100 | Depths:4 | Learned a level 9 spell: Shatter
 78150 | Geh:1    | Entered Level 1 of Gehenna
 78547 | Geh:7    | Entered Level 7 of Gehenna
 78754 | Geh:4    | Noticed an ancient lich
 78756 | Geh:4    | Killed an ancient lich
 79525 | Geh:7    | Noticed Asmodeus
 79772 | Geh:7    | Killed Asmodeus
 79800 | Geh:7    | Got an obsidian rune of Zot
 79987 | Depths:4 | Bought a potion of heal wounds for 90 gold pieces
 79999 | Depths:4 | Bought a bread ration for 60 gold pieces
 79999 | Depths:4 | Bought a bread ration for 60 gold pieces
 79999 | Depths:4 | Bought a meat ration for 60 gold pieces
 80544 | Zig:1    | Entered Level 1 of a ziggurat
 80572 | Zig:2    | Entered Level 2 of a ziggurat
 80591 | Zig:3    | Entered Level 3 of a ziggurat
 80640 | Zig:4    | Entered Level 4 of a ziggurat
 80643 | Zig:4    | Noticed Pyoklaal the pandemonium lord
 80646 | Zig:4    | Killed Pyoklaal the pandemonium lord
 80675 | Zig:5    | Entered Level 5 of a ziggurat
 80713 | Zig:6    | Entered Level 6 of a ziggurat
 80756 | Zig:7    | Entered Level 7 of a ziggurat
 80764 | Zig:7    | Killed an ancient lich
 80810 | Zig:8    | Entered Level 8 of a ziggurat
 80815 | Zig:8    | Noticed Vociceso the pandemonium lord
 80819 | Zig:8    | Killed Vociceso the pandemonium lord
 80824 | Zig:8    | Noticed Setic the pandemonium lord
 80825 | Zig:8    | Killed Setic the pandemonium lord
 80855 | Zig:9    | Entered Level 9 of a ziggurat
 80894 | Zig:9    | Identified the Collected Works on Shifting Unholy Rites
 80937 | Zig:10   | Entered Level 10 of a ziggurat
 80959 | Zig:10   | Identified Faz Haygye's Guide on Scorching Moulding
 80981 | Zig:11   | Entered Level 11 of a ziggurat
 80990 | Zig:11   | Noticed Weinui the pandemonium lord
 80995 | Zig:11   | Killed Weinui the pandemonium lord
 81072 | Zig:12   | Entered Level 12 of a ziggurat
 81084 | Zig:12   | Reached skill level 10 in Dodging
 81111 | Zig:12   | Got a spiked large shield
 81123 | Zig:12   | Identified the +7 large shield "Duidweit" {rPois rC+ Dex+4 Stlth+} (You took it off a daeva on level 12 of a ziggurat)
 81198 | Zig:13   | Entered Level 13 of a ziggurat
 81264 | Zig:13   | Got a faintly humming plate armour
 81268 | Zig:13   | Identified the +3 plate armour "Tagiwyrr" {rF++} (You found it on level 13 of a ziggurat)
 81277 | Zig:13   | Got a flickering granite ring
 81280 | Zig:13   | Identified the ring of the Clam {MP+9 Int+6 Dex+3} (You found it on level 13 of a ziggurat)
 81283 | Zig:14   | Entered Level 14 of a ziggurat
 81345 | Zig:14   | Got a smoking plate armour
 81346 | Zig:14   | Identified the +6 plate armour of Defence {Regen+} (You found it on level 14 of a ziggurat)
 81385 | Zig:15   | Entered Level 15 of a ziggurat
 81390 | Zig:15   | Noticed a juggernaut
 81391 | Zig:15   | Noticed a juggernaut
 81393 | Zig:15   | Noticed a juggernaut
 81394 | Zig:15   | Noticed a juggernaut
 81396 | Zig:15   | Killed a juggernaut
 81396 | Zig:15   | Killed a juggernaut
 81396 | Zig:15   | Killed a juggernaut
 81396 | Zig:15   | Killed a juggernaut
 81428 | Zig:15   | Got a jewelled scale mail
 81429 | Zig:15   | Identified the cursed +1 scale mail "Faohouf" {rC+ MP+9} (You found it on level 15 of a ziggurat)
 81434 | Zig:15   | Got a heavily runed platinum ring
 81435 | Zig:15   | Identified the ring of Heacocakh {rElec rN+++ AC+3 Dex-5 Stlth-} (You found it on level 15 of a ziggurat)
 81445 | Zig:15   | Got a sparkling steel ring
 81446 | Zig:15   | Identified the ring of Zoat Hetwu {rF+ MR+ MP+9} (You found it on level 15 of a ziggurat)
 81497 | Zig:16   | Entered Level 16 of a ziggurat
 81526 | Zig:16   | Identified Vehumet's Disquisition on Spatial Attacks
 81533 | Zig:16   | Identified the Volume of Freezing Orientation
 81540 | Zig:16   | Got a dazzling crystal plate armour
 81541 | Zig:16   | Identified the +11 crystal plate armour of the Blind Marksman {MR+ Str+2} (You found it on level 16 of a ziggurat)
 81602 | Zig:16   | Got a pair of pitted gloves
 81603 | Zig:16   | Identified the +0 pair of gloves of Creativity {MP-9 Str+7 Int+4 Slay-6} (You found it on level 16 of a ziggurat)
 81620 | Zig:17   | Entered Level 17 of a ziggurat
 81677 | Zig:17   | Got a faintly glowing iron ring
 81681 | Zig:17   | Identified the ring of Conversion {Fire rN+ MR+} (You found it on level 17 of a ziggurat)
 81692 | Zig:17   | Got a twitching pewter amulet
 81693 | Zig:17   | Identified the Almanac of Twisted Sinister Arts
 81695 | Zig:17   | Identified the amulet "Ganus" {Reflect rF++ rC+ Dex+4 SH+3} (You found it on level 17 of a ziggurat)
 81726 | Zig:18   | Entered Level 18 of a ziggurat
 81766 | Zig:18   | Noticed Heclef the pandemonium lord
 81767 | Zig:18   | Noticed Jaetefon the pandemonium lord
 81767 | Zig:18   | Noticed Beagol the pandemonium lord
 81768 | Zig:18   | Noticed Voli Vau the pandemonium lord
 81768 | Zig:18   | Killed Heclef the pandemonium lord
 81769 | Zig:18   | Noticed Luif the pandemonium lord
 81770 | Zig:18   | Killed Jaetefon the pandemonium lord
 81771 | Zig:18   | Noticed Iniacloi the pandemonium lord
 81771 | Zig:18   | Killed Beagol the pandemonium lord
 81772 | Zig:18   | Killed Luif the pandemonium lord
 81772 | Zig:18   | Killed Iniacloi the pandemonium lord
 81772 | Zig:18   | Killed Voli Vau the pandemonium lord
 81773 | Zig:18   | Noticed Asilitse the pandemonium lord
 81775 | Zig:18   | Noticed Ileunt the pandemonium lord
 81776 | Zig:18   | Killed Ileunt the pandemonium lord
 81776 | Zig:18   | Killed Ucael the pandemonium lord
 81778 | Zig:18   | Killed Asilitse the pandemonium lord
 81780 | Zig:18   | Noticed Madamaw the pandemonium lord
 81780 | Zig:18   | Killed Madamaw the pandemonium lord
 81780 | Zig:18   | Killed Rezog the pandemonium lord
 81813 | Zig:18   | Got a fine bronze amulet
 81835 | Zig:18   | Identified the amulet of the Catamount {*Drain rElec Regen+ Str+4 Dex+4} (You found it on level 18 of a ziggurat)
 81843 | Zig:18   | Got a spiked cloak
 81844 | Zig:18   | Identified the +2 cloak "Adyrchic" {+Blink +Inv MR+ Dex-5} (You found it on level 18 of a ziggurat)
 81867 | Zig:19   | Entered Level 19 of a ziggurat
 81904 | Zig:19   | Got a smoking leather armour
 81905 | Zig:19   | Identified the cursed +0 leather armour "Qofoc" {rN+ rCorr Str+4} (You found it on level 19 of a ziggurat)
 81927 | Zig:19   | Identified Casting, Part Five
 81981 | Zig:20   | Entered Level 20 of a ziggurat
 82035 | Zig:20   | Identified the Incunabulum of Warped Black Rituals
 82095 | Zig:20   | Lost mutation: Your body sometimes deteriorates upon taking damage. [potion of mutation]
 82095 | Zig:20   | Lost mutation: You are robust. (+10% HP) [potion of mutation]
 82095 | Zig:20   | Gained mutation: You have a pair of small antennae on your head. [potion of mutation]
 82096 | Zig:20   | Lost mutation: You have a beak for a mouth. [potion of mutation]
 82096 | Zig:20   | Lost mutation: Your spells are a little harder to cast, but a little more powerful. [potion of mutation]
 82096 | Zig:20   | Lost mutation: You have a pair of small antennae on your head. [potion of mutation]
 82099 | Zig:20   | Got an ancient helmet
 82100 | Zig:20   | Identified the +5 helmet of Maesida {+Inv} (You found it on level 20 of a ziggurat)
 82104 | Zig:20   | Lost mutation: You are resistant to electric shocks. (rElec) [potion of mutation]
 82110 | Zig:20   | Gained mutation: Your spells are a little easier to cast, but a little less powerful. [potion of mutation]
 82110 | Zig:20   | Gained mutation: You tend to lose your temper in combat. [potion of mutation]
 82110 | Zig:20   | Gained mutation: You can translocate small distances at will. [potion of mutation]
 82115 | Zig:20   | Lost mutation: Your spells are a little easier to cast, but a little less powerful. [potion of mutation]
 82115 | Zig:20   | Lost mutation: You tend to lose your temper in combat. [potion of mutation]
 82115 | Zig:20   | Gained mutation: You have a pair of small horns on your head. [potion of mutation]
 82116 | Zig:20   | Lost mutation: You can translocate small distances at will. [potion of mutation]
 82116 | Zig:20   | Lost mutation: You have a pair of small horns on your head. [potion of mutation]
 82118 | Zig:20   | Gained mutation: You are robust. (+10% HP) [potion of mutation]
 82119 | Zig:20   | Lost mutation: You are robust. (+10% HP) [potion of mutation]
 82212 | Zig:21   | Entered Level 21 of a ziggurat
 82342 | Zig:21   | Gained mutation: You are resistant to electric shocks. (rElec) [potion of mutation]
 82342 | Zig:21   | Gained mutation: You are resistant to hostile enchantments. (MR+) [potion of mutation]
 82354 | Zig:21   | Got a glittering granite ring
 82355 | Zig:21   | Identified the ring "Oweot" {Wiz -Tele rC+ rN+ Dex+3} (You found it on level 21 of a ziggurat)
 82365 | Zig:21   | Identified the Handbook of Stones and Translocation
 82382 | Zig:22   | Entered Level 22 of a ziggurat
 82427 | Zig:22   | Lost mutation: You are resistant to electric shocks. (rElec) [potion of mutation]
 82427 | Zig:22   | Lost mutation: You are resistant to hostile enchantments. (MR+) [potion of mutation]
 82427 | Zig:22   | Gained mutation: You passively map a small area around you. [potion of mutation]
 82439 | Zig:22   | Got a scorched garnet amulet
 82440 | Zig:22   | Identified the amulet "Ryod" {Spirit rPois rF+} (You found it on level 22 of a ziggurat)
 82450 | Zig:22   | Identified the Compendium of Creative Displacement
 82489 | Zig:23   | Entered Level 23 of a ziggurat
 82501 | Zig:23   | Reached skill level 27 in Shields
 82503 | Zig:23   | Reached skill level 5 in Armour
 82685 | Zig:23   | Learned a level 8 spell: Necromutation
 82706 | Zig:24   | Entered Level 24 of a ziggurat
 82715 | Zig:24   | Reached skill level 1 in Transmutations
 82716 | Zig:24   | Reached skill level 1 in Necromancy
 82720 | Zig:24   | Reached skill level 5 in Necromancy
 82721 | Zig:24   | Reached skill level 5 in Transmutations
 82760 | Zig:24   | Lost mutation: You passively map a small area around you. [potion of mutation]
 82781 | Zig:24   | Identified the Grimoire of Aid and the Voyage
 82804 | Zig:24   | Got a glittering bronze amulet
 82805 | Zig:24   | Identified the amulet "Taekk" {Inacc rN+ Str-3 Dex+2 Stlth+} (You found it on level 24 of a ziggurat)
 82821 | Zig:25   | Entered Level 25 of a ziggurat
 82833 | Zig:25   | Reached skill level 10 in Necromancy
 82838 | Zig:25   | Reached skill level 10 in Transmutations
 82935 | Zig:26   | Entered Level 26 of a ziggurat
 82954 | Zig:26   | Reached skill level 15 in Necromancy
 83001 | Zig:26   | Got a pitted golden ring
 83003 | Zig:26   | Identified the ring "Ywuk Otu" {SInv Stlth+} (You found it on level 26 of a ziggurat)
 83010 | Zig:26   | Got an ancient tin ring
 83011 | Zig:26   | Identified the ring "Ykuefen" {rF+ rN+ Str+6} (You found it on level 26 of a ziggurat)
 83164 | Zig:27   | Entered Level 27 of a ziggurat
 83182 | Zig:27   | Reached skill level 15 in Transmutations
 83217 | Zig:27   | Identified the Reference Book on Quantum Hexes
 83237 | Zig:27   | Got an ichor-stained robe
 83239 | Zig:27   | Identified the +1 robe "Qubb" {rF+ rCorr Dex+4} (You found it on level 27 of a ziggurat)
 83285 | Zig:27   | Got a bound copper ring
 83286 | Zig:27   | Identified the ring "Poassa" {rCorr Int+2} (You found it on level 27 of a ziggurat)
 83294 | Zig:27   | Got a translucent gossamer ring
 83295 | Zig:27   | Identified the ring of Norphoj {rPois MP+9 Slay+2} (You found it on level 27 of a ziggurat)
 83335 | Zig:1    | Entered Level 1 of a ziggurat
 83366 | Zig:2    | Entered Level 2 of a ziggurat
 83396 | Zig:3    | Entered Level 3 of a ziggurat
 83448 | Zig:4    | Entered Level 4 of a ziggurat
 83481 | Zig:5    | Entered Level 5 of a ziggurat
 83501 | Zig:6    | Entered Level 6 of a ziggurat
 83619 | Zig:6    | Got a coiled emerald amulet
 83620 | Zig:6    | Identified the amulet of the Establishment {Harm *Drain Int+4 Dex+4} (You found it on level 6 of a ziggurat)
 83631 | Zig:6    | Learned a level 9 spell: Glaciate
 83653 | Zig:7    | Entered Level 7 of a ziggurat
 83659 | Zig:7    | Reached skill level 5 in Ice Magic
 83688 | Zig:7    | Got a translucent pewter amulet
 83689 | Zig:7    | Identified the amulet "Cubbuuph" {RegenMP rPois} (You found it on level 7 of a ziggurat)
 83711 | Zig:8    | Entered Level 8 of a ziggurat
 83731 | Zig:8    | Identified the Grimoire of Ashen Necromancy
 83757 | Zig:9    | Entered Level 9 of a ziggurat
 83767 | Zig:9    | Reached skill level 10 in Ice Magic
 83790 | Zig:9    | Got a brightly glowing amber ring
 83791 | Zig:9    | Identified the ring "Liuwauf" {+Blink Dex+2 Slay-4 Stlth+} (You found it on level 9 of a ziggurat)
 83880 | Zig:9    | Gained mutation: Your flesh is cold resistant. (rC+) [mutagenic meat]
 83891 | Zig:10   | Entered Level 10 of a ziggurat
 83990 | Zig:10   | Identified the Grimoire of Displacement
 83996 | Zig:10   | Got a smoking robe
 83997 | Zig:10   | Identified the cursed +1 robe of Dim Light {*Contam Regen+ Str+4} (You found it on level 10 of a ziggurat)
 84018 | Zig:11   | Entered Level 11 of a ziggurat
 84022 | Zig:11   | Noticed a juggernaut
 84024 | Zig:11   | Noticed a juggernaut
 84027 | Zig:11   | Noticed a juggernaut
 84027 | Zig:11   | Killed a juggernaut
 84027 | Zig:11   | Killed a juggernaut
 84029 | Zig:11   | Killed a juggernaut
 84029 | Zig:11   | Reached skill level 15 in Ice Magic
 84059 | Zig:11   | Identified Finump's Disquisition on Boosts and Conjuration
 84077 | Zig:12   | Entered Level 12 of a ziggurat
 84150 | Zig:13   | Entered Level 13 of a ziggurat
 84217 | Zig:13   | Got a pitted chain mail
 84218 | Zig:13   | Identified the +4 chain mail of the Catamount {MR+ Str+4} (You found it on level 13 of a ziggurat)
 84228 | Zig:14   | Entered Level 14 of a ziggurat
 84329 | Zig:14   | Gained mutation: Your spells are a little harder to cast, but a little more powerful. [mutagenic meat]
 84331 | Zig:14   | Lost mutation: Your spells are a little harder to cast, but a little more powerful. [mutagenic meat]
 84388 | Zig:14   | Identified the Reference Book on Dusty Calling
 84405 | Zig:15   | Entered Level 15 of a ziggurat
 84550 | Zig:15   | Gained mutation: Your magical capacity is low. (-10% MP) [mutagenic meat]
 84551 | Zig:15   | Gained mutation: You are robust. (+10% HP) [mutagenic meat]
 84556 | Zig:15   | Gained mutation: Your natural rate of healing is unusually fast. [mutagenic meat]
 84563 | Zig:16   | Entered Level 16 of a ziggurat
 84637 | Zig:16   | Got a scorched scale mail
 84638 | Zig:16   | Identified the +3 scale mail of the Other Side {Str+2} (You found it on level 16 of a ziggurat)
 84645 | Zig:17   | Entered Level 17 of a ziggurat
 84654 | Zig:17   | Noticed an ancient lich
 84654 | Zig:17   | Killed an ancient lich
 84694 | Zig:17   | Identified the Catalogue of the Displaced Rocks
 84734 | Zig:18   | Entered Level 18 of a ziggurat
 84786 | Zig:18   | Got a fine lead ring
 84787 | Zig:18   | Identified the ring of Fuweru {Slay+6 Stlth-} (You found it on level 18 of a ziggurat)
 84845 | Zig:19   | Entered Level 19 of a ziggurat
 84851 | Zig:19   | Noticed a juggernaut
 84854 | Zig:19   | Noticed a juggernaut
 84854 | Zig:19   | Killed a juggernaut
 84857 | Zig:19   | Killed a juggernaut
 84872 | Zig:19   | Got a clouded bronze ring
 84874 | Zig:19   | Got a glittering glass ring
 84875 | Zig:19   | Identified the ring "Xiereatyuvy" {+Fly Str+2} (You found it on level 19 of a ziggurat)
 84886 | Zig:19   | Got a clouded pewter ring
 84887 | Zig:19   | Identified the ring "Ogyclof" {rElec Stlth-} (You found it on level 19 of a ziggurat)
 84915 | Zig:19   | Got a faintly humming robe
 84916 | Zig:19   | Identified the +1 robe of Past Mistakes {rPois rC- Int+2} (You found it on level 19 of a ziggurat)
 84941 | Zig:20   | Entered Level 20 of a ziggurat
 84971 | Zig:20   | Got a brightly glowing iron ring
 84999 | Zig:20   | Got a crude lapis lazuli ring
 85002 | Zig:20   | Identified the ring "Qiuge" {rPois rC+++ rN+ MR- SInv} (You found it on level 20 of a ziggurat)
 85003 | Zig:20   | Identified the ring of Sueff {*Tele rC+} (You found it on level 19 of a ziggurat)
 85004 | Zig:20   | Identified the ring of the Tired Wonders {MR+ Dex+4} (You found it on level 20 of a ziggurat)
 85017 | Zig:20   | Identified Secliol's Disquisition on Conjuration
 85024 | Zig:20   | Got a heavily runed brass amulet
 85025 | Zig:20   | Identified the amulet "Cuoseod" {Harm *Drain Str+4} (You found it on level 20 of a ziggurat)
 85051 | Zig:21   | Entered Level 21 of a ziggurat
 85072 | Zig:21   | Reached skill level 27 in Ice Magic
 85089 | Zig:21   | Identified the Collected Works on Damage Dealing and the Mountains
 85118 | Zig:22   | Entered Level 22 of a ziggurat
 85180 | Zig:22   | Got a steaming scale mail
 85181 | Zig:22   | Identified the +0 scale mail of the Trout {rElec MR+} (You found it on level 22 of a ziggurat)
 85207 | Zig:22   | Got an opal-studded plate armour
 85208 | Zig:22   | Identified the +8 plate armour of Hepliaklqana's Regard {Regen+} (You found it on level 22 of a ziggurat)
 85228 | Zig:23   | Entered Level 23 of a ziggurat
 85244 | Zig:23   | Reached skill level 27 in Fighting
 85251 | Zig:23   | Reached skill level 10 in Armour
 85252 | Zig:23   | Noticed Joiluala the pandemonium lord
 85253 | Zig:23   | Killed Joiluala the pandemonium lord
 85358 | Zig:23   | Identified Voeca's Witchcraft in Simple Steps
 85367 | Zig:23   | Got brightly glowing acid dragon scales
 85368 | Zig:23   | Identified the +6 acid dragon scales of the Circus Animal {rCorr Int+6} (You found it on level 23 of a ziggurat)
 85397 | Zig:23   | Got a wavering brass ring
 85398 | Zig:23   | Identified the ring "Doffywk" {Fire +Blink +Inv Str+3 Slay-4} (You found it on level 23 of a ziggurat)
 85434 | Zig:24   | Entered Level 24 of a ziggurat
 85443 | Zig:24   | Noticed an orb of fire
 85445 | Zig:24   | Noticed an orb of fire
 85445 | Zig:24   | Noticed an orb of fire
 85445 | Zig:24   | Noticed an orb of fire
 85448 | Zig:24   | Killed an orb of fire
 85448 | Zig:24   | Killed an orb of fire
 85448 | Zig:24   | Killed an orb of fire
 85450 | Zig:24   | Killed an orb of fire
 85452 | Zig:24   | Noticed an orb of fire
 85452 | Zig:24   | Noticed an orb of fire
 85452 | Zig:24   | Noticed an orb of fire
 85452 | Zig:24   | Noticed an orb of fire
 85452 | Zig:24   | Reached skill level 15 in Dodging
 85453 | Zig:24   | Noticed an orb of fire
 85453 | Zig:24   | Noticed an orb of fire
 85453 | Zig:24   | Noticed an orb of fire
 85454 | Zig:24   | Noticed an orb of fire
 85454 | Zig:24   | Killed an orb of fire
 85454 | Zig:24   | Killed an orb of fire
 85454 | Zig:24   | Killed an orb of fire
 85454 | Zig:24   | Killed an orb of fire
 85455 | Zig:24   | Noticed an orb of fire
 85455 | Zig:24   | Killed an orb of fire
 85455 | Zig:24   | Killed an orb of fire
 85455 | Zig:24   | Killed an orb of fire
 85456 | Zig:24   | Noticed an orb of fire
 85456 | Zig:24   | Noticed an orb of fire
 85456 | Zig:24   | Killed an orb of fire
 85457 | Zig:24   | Killed an orb of fire
 85458 | Zig:24   | Noticed an orb of fire
 85458 | Zig:24   | Noticed an orb of fire
 85458 | Zig:24   | Noticed an orb of fire
 85458 | Zig:24   | Killed an orb of fire
 85459 | Zig:24   | Killed an orb of fire
 85461 | Zig:24   | Killed an orb of fire
 85462 | Zig:24   | Killed an orb of fire
 85462 | Zig:24   | Killed an orb of fire
 85463 | Zig:24   | Noticed an orb of fire
 85463 | Zig:24   | Noticed an orb of fire
 85464 | Zig:24   | Killed an orb of fire
 85465 | Zig:24   | Killed an orb of fire
 85469 | Zig:24   | Reached skill level 15 in Armour
 85585 | Zig:24   | Identified the Grimoire of Earth and Sinister Rituals
 85594 | Zig:24   | Got a transparent wooden ring
 85595 | Zig:24   | Identified the ring "Innootag" {rPois rF+ MP+9 Dex-2} (You found it on level 24 of a ziggurat)
 85615 | Zig:24   | Got a pair of twisted gloves
 85626 | Zig:24   | Identified the cursed -1 pair of gloves "Etzouf" {rC- rN+++ MR- Regen+} (You found it on level 24 of a ziggurat)
 85650 | Zig:25   | Entered Level 25 of a ziggurat
 85656 | Zig:25   | Noticed a greater mummy
 85657 | Zig:25   | Noticed a greater mummy
 85658 | Zig:25   | Noticed a greater mummy
 85660 | Zig:25   | Killed a greater mummy
 85660 | Zig:25   | Killed a greater mummy
 85660 | Zig:25   | Killed a greater mummy
 85661 | Zig:25   | Noticed a greater mummy
 85661 | Zig:25   | Noticed a greater mummy
 85661 | Zig:25   | Noticed a greater mummy
 85662 | Zig:25   | Noticed a greater mummy
 85662 | Zig:25   | Noticed a greater mummy
 85662 | Zig:25   | Noticed a greater mummy
 85662 | Zig:25   | Noticed a greater mummy
 85662 | Zig:25   | Killed a greater mummy
 85662 | Zig:25   | Killed a greater mummy
 85662 | Zig:25   | Killed a greater mummy
 85663 | Zig:25   | Noticed a greater mummy
 85663 | Zig:25   | Killed a greater mummy
 85663 | Zig:25   | Killed a greater mummy
 85663 | Zig:25   | Killed a greater mummy
 85664 | Zig:25   | Noticed a greater mummy
 85664 | Zig:25   | Killed a greater mummy
 85664 | Zig:25   | Killed a greater mummy
 85665 | Zig:25   | Noticed a greater mummy
 85665 | Zig:25   | Killed a greater mummy
 85667 | Zig:25   | Noticed a greater mummy
 85668 | Zig:25   | Noticed a greater mummy
 85668 | Zig:25   | Killed a greater mummy
 85669 | Zig:25   | Noticed a greater mummy
 85669 | Zig:25   | Killed a greater mummy
 85669 | Zig:25   | Killed a greater mummy
 85670 | Zig:25   | Noticed a greater mummy
 85670 | Zig:25   | Noticed a greater mummy
 85670 | Zig:25   | Killed a greater mummy
 85671 | Zig:25   | Killed a greater mummy
 85671 | Zig:25   | Killed a greater mummy
 85672 | Zig:25   | Noticed a greater mummy
 85672 | Zig:25   | Noticed a greater mummy
 85672 | Zig:25   | Noticed a greater mummy
 85673 | Zig:25   | Killed a greater mummy
 85673 | Zig:25   | Killed a greater mummy
 85674 | Zig:25   | Noticed a greater mummy
 85674 | Zig:25   | Killed a greater mummy
 85676 | Zig:25   | Noticed a greater mummy
 85676 | Zig:25   | Killed a greater mummy
 85677 | Zig:25   | Noticed a greater mummy
 85677 | Zig:25   | Killed a greater mummy
 85678 | Zig:25   | Killed a greater mummy
 85682 | Zig:25   | Noticed a greater mummy
 85687 | Zig:25   | Killed a greater mummy
 85710 | Zig:25   | Identified the Reference Book on Aerial Displacement
 85724 | Zig:25   | Got a coiled glass ring
 85744 | Zig:25   | Identified Sif Muna's Almanac of Spatial Flames
 85762 | Zig:25   | Got a transparent jade ring
 85766 | Zig:25   | Identified the Tome of Transformation and Malediction
 85773 | Zig:26   | Entered Level 26 of a ziggurat
 85785 | Zig:26   | Noticed a juggernaut
 85785 | Zig:26   | Noticed a juggernaut
 85786 | Zig:26   | Noticed a juggernaut
 85788 | Zig:26   | Noticed a juggernaut
 85789 | Zig:26   | Killed a juggernaut
 85789 | Zig:26   | Killed a juggernaut
 85790 | Zig:26   | Killed a juggernaut
 85790 | Zig:26   | Killed a juggernaut
 85794 | Zig:26   | Noticed a juggernaut
 85795 | Zig:26   | Noticed a juggernaut
 85798 | Zig:26   | Killed a juggernaut
 85798 | Zig:26   | Killed a juggernaut
 85814 | Zig:26   | Got a scintillating turquoise ring
 85831 | Zig:26   | Got a steaming garnet amulet
 85833 | Zig:26   | Got an ancient iron ring
 85907 | Zig:27   | Entered Level 27 of a ziggurat
 85996 | Zig:27   | Got a flickering bone ring
 86002 | Zig:27   | Got a heavily jewelled robe
 86003 | Zig:27   | Identified the Tome of Frigorific Aid
 86073 | Depths:4 | Identified the cursed +1 robe of the Ten Shrikes {-Cast Int+5} (You found it on level 27 of a ziggurat)
 86075 | Depths:4 | Identified the ring "Moah" {rF- MR+ Int+4 Dex+4 Stlth+} (You found it on level 26 of a ziggurat)
 86076 | Depths:4 | Identified the ring "Rezxonk" {rPois MR+ Str+10 Dex-2 SInv} (You found it on level 25 of a ziggurat)
 86422 | Tomb:1   | Entered Level 1 of the Tomb of the Ancients
 86528 | Tomb:1   | Noticed a greater mummy
 86528 | Tomb:1   | Noticed a greater mummy
 86531 | Tomb:1   | Killed a greater mummy
 86532 | Tomb:1   | Killed a greater mummy
 86536 | Tomb:1   | Noticed a greater mummy
 86540 | Tomb:1   | Noticed a greater mummy
 86540 | Tomb:1   | Killed a greater mummy
 86543 | Tomb:1   | Killed a greater mummy
 86545 | Tomb:1   | Noticed a greater mummy
 86549 | Tomb:1   | Noticed a greater mummy
 86550 | Tomb:1   | Noticed a greater mummy
 86552 | Tomb:1   | Killed a greater mummy
 86553 | Tomb:1   | Killed a greater mummy
 86553 | Tomb:1   | Killed a greater mummy
 86554 | Tomb:1   | Noticed a greater mummy
 86554 | Tomb:1   | Noticed a greater mummy
 86554 | Tomb:1   | Killed a greater mummy
 86555 | Tomb:1   | Killed a greater mummy
 86556 | Tomb:1   | Noticed a greater mummy
 86557 | Tomb:1   | Killed a greater mummy
 86560 | Tomb:1   | Noticed a greater mummy
 86562 | Tomb:1   | Noticed a greater mummy
 86563 | Tomb:1   | Killed a greater mummy
 86563 | Tomb:1   | Killed a greater mummy
 86757 | Tomb:1   | Noticed a greater mummy
 86758 | Tomb:1   | Killed a greater mummy
 86791 | Tomb:1   | Noticed a greater mummy
 86793 | Tomb:1   | Killed a greater mummy
 86810 | Tomb:1   | Noticed a greater mummy
 86810 | Tomb:1   | Killed a greater mummy
 86883 | Tomb:1   | Noticed a greater mummy
 86883 | Tomb:1   | Killed a greater mummy
 86899 | Tomb:1   | Noticed a greater mummy
 86903 | Tomb:1   | Killed a greater mummy
 86932 | Tomb:2   | Noticed a greater mummy
 86932 | Tomb:2   | Noticed a greater mummy
 86932 | Tomb:2   | Noticed a greater mummy
 86932 | Tomb:2   | Noticed a greater mummy
 86932 | Tomb:2   | Killed a greater mummy
 86933 | Tomb:2   | Killed a greater mummy
 86933 | Tomb:2   | Killed a greater mummy
 86933 | Tomb:2   | Killed a greater mummy
 87061 | Tomb:3   | Entered Level 3 of the Tomb of the Ancients
 87072 | Tomb:3   | Noticed a greater mummy
 87073 | Tomb:3   | Noticed a greater mummy
 87073 | Tomb:3   | Killed a greater mummy
 87074 | Tomb:3   | Killed a greater mummy
 87082 | Tomb:3   | Noticed a greater mummy
 87085 | Tomb:3   | Killed a greater mummy
 87086 | Tomb:3   | Noticed a greater mummy
 87089 | Tomb:3   | Killed a greater mummy
 87102 | Tomb:3   | Noticed a greater mummy
 87102 | Tomb:3   | Noticed a greater mummy
 87102 | Tomb:3   | Noticed a greater mummy
 87103 | Tomb:3   | Killed a greater mummy
 87103 | Tomb:3   | Killed a greater mummy
 87103 | Tomb:3   | Killed a greater mummy
 87142 | Tomb:3   | Noticed a greater mummy
 87142 | Tomb:3   | Killed a greater mummy
 87148 | Tomb:3   | Noticed a greater mummy
 87150 | Tomb:3   | Killed a greater mummy
 87368 | Tomb:3   | Got a twitching glass ring
 87370 | Tomb:3   | Identified the ring "Adi Dimm" {rElec Dex+2} (You found it on level 25 of a ziggurat)
 87371 | Tomb:3   | Identified the ring of Edufaruagg {+Inv +Fly rElec rF+ Int-4} (You found it on level 3 of the Tomb of the Ancients)
 87396 | Tomb:3   | Identified Futyl's Handbook of Shape Shifting and Slavery
 87596 | Tomb:3   | Got a golden rune of Zot
 88149 | Zig:1    | Entered Level 1 of a ziggurat
 88172 | Zig:2    | Entered Level 2 of a ziggurat
 88190 | Zig:3    | Entered Level 3 of a ziggurat
 88193 | Zig:3    | Noticed Mytir the pandemonium lord
 88197 | Zig:3    | Killed Mytir the pandemonium lord
 88205 | Zig:3    | Identified Sif Muna's Compendium of Transformation and Hexes
 88215 | Zig:4    | Entered Level 4 of a ziggurat
 88228 | Zig:4    | Identified the Almanac of Frigorific Intoxication
 88234 | Zig:4    | Identified Pioruiko's Incunabulum of Icy Unholy Magic
 88298 | Zig:5    | Entered Level 5 of a ziggurat
 88326 | Zig:6    | Entered Level 6 of a ziggurat
 88366 | Zig:7    | Entered Level 7 of a ziggurat
 88410 | Zig:8    | Entered Level 8 of a ziggurat
 88425 | Zig:8    | Reached skill level 27 in Dodging
 88646 | Zig:8    | Got a heavily runed hat
 88647 | Zig:8    | Identified the +2 hat of Tenacity {rF+} (You acquired it on level 8 of a ziggurat)
 88658 | Zig:9    | Entered Level 9 of a ziggurat
 88683 | Zig:9    | Got a pair of ancient gloves
 88688 | Zig:9    | Identified the Handbook of Frigorific Flight
 88699 | Zig:9    | Identified the cursed +0 pair of gloves of the Good {rPois rN+ Str-4 Int+5} (You found it on level 9 of a ziggurat)
 88714 | Zig:10   | Entered Level 10 of a ziggurat
 88720 | Zig:10   | Noticed a juggernaut
 88723 | Zig:10   | Killed a juggernaut
 88750 | Zig:10   | Identified the ring of Ecwaec {rElec rPois rF+ MP+9} (You found it on level 26 of a ziggurat)
 88751 | Zig:10   | Identified the amulet of Rationality {Inacc rPois rN+ Int+2} (You found it on level 26 of a ziggurat)
 88765 | Zig:10   | Got a coiled iron amulet
 88782 | Zig:10   | Learned a level 8 spell: Controlled Blink
 88787 | Zig:11   | Entered Level 11 of a ziggurat
 88795 | Zig:11   | Reached skill level 1 in Translocations
 88799 | Zig:11   | Killed an ancient lich
 88800 | Zig:11   | Reached skill level 27 in Armour
 88800 | Zig:11   | Reached skill level 5 in Translocations
 88802 | Zig:11   | Noticed an ancient lich
 88803 | Zig:11   | Killed an ancient lich
 88821 | Zig:11   | Identified the Tome of Shifting Earth
 88836 | Zig:12   | Entered Level 12 of a ziggurat
 88848 | Zig:12   | Noticed an ancient lich
 88849 | Zig:12   | Reached skill level 10 in Translocations
 88849 | Zig:12   | Killed an ancient lich
 88874 | Zig:12   | Identified Ukhlofiycs's Catalogue of Ensnaring Earth
 88917 | Zig:13   | Entered Level 13 of a ziggurat
 88945 | Zig:13   | Got a steaming steel ring
 88951 | Zig:13   | Got a polished cloak
 88952 | Zig:13   | Identified the +1 cloak of the Ecumenical Temple {+Inv rF+} (You found it on level 13 of a ziggurat)
 88981 | Zig:13   | Got a slimy cloak
 88983 | Zig:13   | Identified the +1 cloak "Duirgh" {rF+ Dex+3 Slay+2} (You acquired it on level 13 of a ziggurat)
 89000 | Zig:13   | Identified the ring of the Sparrow {Fire rElec} (You found it on level 13 of a ziggurat)
 89002 | Zig:13   | Reached skill level 15 in Translocations
 89020 | Zig:14   | Entered Level 14 of a ziggurat
 89058 | Zig:14   | Got a transparent ivory ring
 89071 | Zig:14   | Got a glittering iron ring
 89080 | Zig:14   | Identified the Collected Works on Ashen Boosts
 89090 | Zig:15   | Entered Level 15 of a ziggurat
 89116 | Zig:15   | Got a smoking steel ring
 89139 | Zig:16   | Entered Level 16 of a ziggurat
 89146 | Zig:16   | Noticed a juggernaut
 89147 | Zig:16   | Killed a juggernaut
 89177 | Zig:16   | Identified the ring of Polytheism {rF+ Int+3} (You found it on level 27 of a ziggurat)
 89178 | Zig:16   | Identified the ring "Fedeet" {rCorr rElec rF+ MR+ Dex-5} (You found it on level 15 of a ziggurat)
 89179 | Zig:16   | Identified the ring "Jaleov" {rCorr +Blink rC+ Int+4} (You found it on level 14 of a ziggurat)
 89198 | Zig:17   | Entered Level 17 of a ziggurat
 89243 | Zig:17   | Identified Wieguqut's Volume of Darkness and Companions
 89245 | Zig:17   | Identified Iddash's Tome of Calling
 89255 | Zig:17   | Identified the Almanac of the Congealing Entourage
 89266 | Zig:17   | Got a translucent jade ring
 89287 | Zig:18   | Entered Level 18 of a ziggurat
 89468 | Zig:18   | Identified the Tome of Toxic Weightlessness
 89479 | Zig:19   | Entered Level 19 of a ziggurat
 89485 | Zig:19   | Noticed an ancient lich
 89485 | Zig:19   | Noticed an ancient lich
 89485 | Zig:19   | Noticed an ancient lich
 89486 | Zig:19   | Noticed an ancient lich
 89487 | Zig:19   | Noticed an ancient lich
 89487 | Zig:19   | Noticed an ancient lich
 89487 | Zig:19   | Noticed an ancient lich
 89487 | Zig:19   | Noticed an ancient lich
 89487 | Zig:19   | Noticed an ancient lich
 89487 | Zig:19   | Noticed an ancient lich
 89487 | Zig:19   | Noticed an ancient lich
 89487 | Zig:19   | Noticed an ancient lich
 89488 | Zig:19   | Noticed an ancient lich
 89489 | Zig:19   | Noticed an ancient lich
 89489 | Zig:19   | Killed an ancient lich
 89489 | Zig:19   | Killed an ancient lich
 89489 | Zig:19   | Killed an ancient lich
 89489 | Zig:19   | Killed an ancient lich
 89489 | Zig:19   | Killed an ancient lich
 89489 | Zig:19   | Killed an ancient lich
 89489 | Zig:19   | Killed an ancient lich
 89490 | Zig:19   | Killed an ancient lich
 89490 | Zig:19   | Killed an ancient lich
 89490 | Zig:19   | Killed an ancient lich
 89490 | Zig:19   | Killed an ancient lich
 89491 | Zig:19   | Killed an ancient lich
 89491 | Zig:19   | Killed an ancient lich
 89491 | Zig:19   | Killed an ancient lich
 89545 | Zig:19   | Identified the Volume of Mutagenic Flight
 89559 | Zig:20   | Entered Level 20 of a ziggurat
 89569 | Zig:20   | Reached skill level 27 in Translocations
 89571 | Zig:20   | Paralysed by accursed screaming for 1 turns
 89619 | Zig:20   | Identified the Papyrus of the Lumpy Gods
 89662 | Zig:21   | Entered Level 21 of a ziggurat
 89745 | Zig:21   | Identified the Volume of the Traveller and Conjuration
 89757 | Zig:21   | Identified the ring of the Final Decision {Wiz *Corrode rElec rPois rC+++} (You found it on level 14 of a ziggurat)
 89758 | Zig:21   | Identified the ring "Nyiq" {rPois Int+4 Stlth-} (You found it on level 17 of a ziggurat)
 89759 | Zig:21   | Identified the amulet "Xoahid" {Harm *Drain Str+2 Slay+3 Stlth-} (You found it on level 10 of a ziggurat)
 89770 | Zig:21   | Got a pair of encrusted gloves
 89771 | Zig:21   | Identified the +0 pair of gloves "Xefixeust" {Str+5} (You found it on level 21 of a ziggurat)
 89788 | Zig:21   | Identified the Grimoire of Enthralling Companions
 89800 | Zig:21   | Got a fine pewter ring
 89827 | Zig:22   | Entered Level 22 of a ziggurat
 89900 | Zig:23   | Entered Level 23 of a ziggurat
 89958 | Zig:23   | Got a coiled platinum ring
 89973 | Zig:23   | Got a distressingly furry hat
 89976 | Zig:23   | Identified the +2 hat of the Lonely Lovers {*Corrode rPois Int+3 Stlth+} (You found it on level 23 of a ziggurat)
 90011 | Zig:23   | Got a coiled copper ring
 90023 | Zig:24   | Entered Level 24 of a ziggurat
 90032 | Zig:24   | Noticed a juggernaut
 90032 | Zig:24   | Noticed a juggernaut
 90032 | Zig:24   | Noticed a juggernaut
 90032 | Zig:24   | Noticed a juggernaut
 90032 | Zig:24   | Noticed a juggernaut
 90034 | Zig:24   | Noticed a juggernaut
 90034 | Zig:24   | Noticed a juggernaut
 90035 | Zig:24   | Killed a juggernaut
 90035 | Zig:24   | Killed a juggernaut
 90035 | Zig:24   | Killed a juggernaut
 90035 | Zig:24   | Killed a juggernaut
 90036 | Zig:24   | Killed a juggernaut
 90037 | Zig:24   | Killed a juggernaut
 90037 | Zig:24   | Killed a juggernaut
 90045 | Zig:24   | Got a clouded pewter ring
 90091 | Zig:24   | Got a crude emerald amulet
 90102 | Zig:24   | Got a fabulously ornate robe
 90103 | Zig:24   | Identified the +1 robe "Hoxuyd" {rElec} (You found it on level 24 of a ziggurat)
 90104 | Zig:24   | Identified the amulet "Roript" {*Drain rElec rF+ Regen+ Dex+4} (You found it on level 24 of a ziggurat)
 90105 | Zig:24   | Identified the ring "Hucifui" {rCorr rElec rN+ Str+3} (You found it on level 21 of a ziggurat)
 90106 | Zig:24   | Identified the ring of Curiut {+Fly Str+8 Dex+6} (You found it on level 23 of a ziggurat)
 90107 | Zig:24   | Identified the ring of Xunkuempeap {Fire rPois MR++ Dex-3 Stlth+} (You found it on level 23 of a ziggurat)
 90108 | Zig:24   | Identified the ring of the Briny Deep {rElec rC- MR- Slay+6 SInv} (You found it on level 24 of a ziggurat)
 90122 | Zig:25   | Entered Level 25 of a ziggurat
 90128 | Zig:25   | Noticed a juggernaut
 90128 | Zig:25   | Noticed a juggernaut
 90130 | Zig:25   | Noticed a juggernaut
 90130 | Zig:25   | Noticed a juggernaut
 90130 | Zig:25   | Noticed a juggernaut
 90132 | Zig:25   | Killed a juggernaut
 90133 | Zig:25   | Noticed a juggernaut
 90133 | Zig:25   | Noticed a juggernaut
 90133 | Zig:25   | Killed a juggernaut
 90133 | Zig:25   | Killed a juggernaut
 90134 | Zig:25   | Noticed a juggernaut
 90134 | Zig:25   | Killed a juggernaut
 90134 | Zig:25   | Killed a juggernaut
 90134 | Zig:25   | Killed a juggernaut
 90134 | Zig:25   | Killed a juggernaut
 90134 | Zig:25   | Killed a juggernaut
 90134 | Zig:25   | Reached skill level 27 in Air Magic
 90135 | Zig:25   | Noticed a juggernaut
 90135 | Zig:25   | Killed a juggernaut
 90136 | Zig:25   | Noticed a juggernaut
 90136 | Zig:25   | Noticed a juggernaut
 90137 | Zig:25   | Killed a juggernaut
 90137 | Zig:25   | Killed a juggernaut
 90138 | Zig:25   | Reached skill level 27 in Earth Magic
 90140 | Zig:25   | Noticed a juggernaut
 90142 | Zig:25   | Killed a juggernaut
 90188 | Zig:25   | Got a shimmering tin amulet
 90190 | Zig:25   | Identified the amulet "Fuicsof" {rElec rF+ MR+ Regen+} (You found it on level 25 of a ziggurat)
 90207 | Zig:25   | Got a ring of the Octopus King
 90231 | Zig:26   | Entered Level 26 of a ziggurat
 90269 | Zig:26   | Identified the Grimoire of Frigorific Evil
 90321 | Zig:27   | Entered Level 27 of a ziggurat
 90326 | Zig:27   | Noticed a juggernaut
 90331 | Zig:27   | Killed a juggernaut
 90332 | Zig:27   | Noticed a juggernaut
 90332 | Zig:27   | Noticed a juggernaut
 90332 | Zig:27   | Noticed a juggernaut
 90333 | Zig:27   | Reached skill level 27 in Necromancy
 90334 | Zig:27   | Killed a juggernaut
 90334 | Zig:27   | Killed a juggernaut
 90335 | Zig:27   | Killed a juggernaut
 90337 | Zig:27   | Noticed a juggernaut
 90338 | Zig:27   | Noticed a juggernaut
 90338 | Zig:27   | Noticed a juggernaut
 90338 | Zig:27   | Killed a juggernaut
 90339 | Zig:27   | Killed a juggernaut
 90340 | Zig:27   | Noticed a juggernaut
 90341 | Zig:27   | Killed a juggernaut
 90344 | Zig:27   | Killed a juggernaut
 90443 | Pan      | Entered Pandemonium
 90685 | Pan      | Found an exit through the horrors of the Abyss.
 90707 | Pan      | Noticed Otriwnuu the pandemonium lord
 90710 | Pan      | Killed Otriwnuu the pandemonium lord
 90970 | Pan      | Found an exit through the horrors of the Abyss.
 90979 | Pan      | Noticed Kefoutteme the pandemonium lord
 90980 | Pan      | Killed Kefoutteme the pandemonium lord
 90993 | Pan      | Got a demonic rune of Zot
 90999 | Pan      | Got a blackened large shield
 91019 | Pan      | Identified the cursed +0 large shield of Elitism {rPois Regen+ SInv} (You found it in Pandemonium)
 91313 | Pan      | Found an exit through the horrors of the Abyss.
 91671 | Pan      | Noticed Yleebism the pandemonium lord
 91672 | Pan      | Killed Yleebism the pandemonium lord
 91718 | Pan      | Reached skill level 1 in Invocations
 91846 | Pan      | Got a wavering emerald amulet
 91939 | Pan      | Reached skill level 1 in Evocations
 91976 | Pan      | Reached skill level 5 in Invocations
 92064 | Pan      | Noticed Zairgh the pandemonium lord
 92066 | Pan      | Killed Zairgh the pandemonium lord
 92262 | Pan      | Found an exit through the horrors of the Abyss.
 93130 | Pan      | Noticed Eraut the pandemonium lord
 93131 | Pan      | Killed Eraut the pandemonium lord
 93348 | Pan      | Found an exit through the horrors of the Abyss.
 93423 | Pan      | Reached skill level 5 in Evocations
 93461 | Pan      | Found a runed door.
 93463 | Pan      | Reached skill level 27 in Transmutations
 93464 | Pan      | Reached skill level 10 in Invocations
 93490 | Pan      | Noticed Zusualoa the pandemonium lord
 93492 | Pan      | Killed Zusualoa the pandemonium lord
 93538 | Pan      | Found an exit through the horrors of the Abyss.
 93771 | Pan      | Gained mutation: Armour fits poorly on your strangely shaped body. [a cacodemon]
 93774 | Pan      | Gained mutation: Your spells are a little easier to cast, but a little less powerful. [a cacodemon]
 94156 | Pan      | Noticed Doyjider the pandemonium lord
 94158 | Pan      | Killed Doyjider the pandemonium lord
 94226 | Pan      | Reached skill level 15 in Invocations
 94443 | Pan      | Found an exit through the horrors of the Abyss.
 94444 | Pan      | Noticed Koimei Tuif the pandemonium lord
 94447 | Pan      | Killed Koimei Tuif the pandemonium lord
 94488 | Pan      | Entered the realm of Cerebov.
 94617 | Pan      | Got a flickering wooden ring
 94632 | Pan      | Reached skill level 15 in Stealth
 94632 | Pan      | Reached skill level 10 in Evocations
 94834 | Pan      | Noticed Cerebov
 95167 | Pan      | Killed Cerebov
 95252 | Pan      | Got a fiery rune of Zot
 95424 | Pan      | Noticed Zarerph the pandemonium lord
 95428 | Pan      | Killed Zarerph the pandemonium lord
 95464 | Pan      | Entered the realm of Mnoleg.
 95539 | Pan      | Noticed Mnoleg
 95552 | Pan      | Killed Mnoleg
 95702 | Pan      | Got a glowing rune of Zot
 95953 | Pan      | Noticed a seraph
 95954 | Pan      | Killed a seraph
 96008 | Pan      | Found a glowing golden altar of the Shining One.
 96034 | Pan      | Identified the Volume of Dislocated Execration
 96037 | Pan      | Identified the Papyrus of Shifting Conjuration
 96043 | Pan      | Got a ripped robe
 96048 | Pan      | Identified the cursed +1 robe "Penkiymu" {MR+ Dex+4 Stlth-} (You found it in Pandemonium)
 96049 | Pan      | Identified the amulet "Zoystym" {Faith MR+ Dex+7} (You found it in Pandemonium)
 96050 | Pan      | Identified the ring "Odiy" {MP+9 Dex+2} (You found it in Pandemonium)
 96204 | Pan      | Found a glowing silver altar of Zin.
 96410 | Pan      | Found a white marble altar of Elyvilon.
 96874 | Pan      | Noticed Woniw the pandemonium lord
 96877 | Pan      | Killed Woniw the pandemonium lord
 96900 | Pan      | Reached skill level 15 in Evocations
 96965 | Pan      | Noticed Raullal the pandemonium lord
 96970 | Pan      | Killed Raullal the pandemonium lord
 97055 | Pan      | Found an exit through the horrors of the Abyss.
 97089 | Pan      | Entered the realm of Lom Lobon.
 97170 | Pan      | Found an exit through the horrors of the Abyss.
 97321 | Pan      | Noticed Lom Lobon
 97331 | Pan      | Killed Lom Lobon
 97437 | Pan      | Got a magical rune of Zot
 97571 | Pan      | Entered the realm of Gloorx Vloq.
 97571 | Pan      | Found an exit through the horrors of the Abyss.
 97669 | Pan      | Noticed Gloorx Vloq
 97675 | Pan      | Killed Gloorx Vloq
 97686 | Pan      | Got a dark rune of Zot
 97949 | Pan      | Noticed Weop the pandemonium lord
 97951 | Pan      | Killed Weop the pandemonium lord
 98099 | Pan      | Found an exit through the horrors of the Abyss.
 98238 | Pan      | Noticed Voq Teg the pandemonium lord
 98241 | Pan      | Killed Voq Teg the pandemonium lord
 98543 | Pan      | Found an exit through the horrors of the Abyss.
 98579 | Pan      | Noticed Xuajui the pandemonium lord
 98606 | Pan      | Killed Xuajui the pandemonium lord
 98954 | Pan      | Noticed Zunoppob the pandemonium lord
 98958 | Pan      | Killed Zunoppob the pandemonium lord
 99128 | Pan      | Found an exit through the horrors of the Abyss.
 99634 | Pan      | Noticed Ovittose the pandemonium lord
 99640 | Pan      | Killed Ovittose the pandemonium lord
 99650 | Pan      | Found an exit through the horrors of the Abyss.
 99765 | Pan      | Found an exit through the horrors of the Abyss.
 99779 | Pan      | Noticed Noet the pandemonium lord
 99781 | Pan      | Killed Noet the pandemonium lord
 99910 | Pan      | Found an exit through the horrors of the Abyss.
 99974 | Pan      | Noticed Ynoxikko the pandemonium lord
 99980 | Pan      | Killed Ynoxikko the pandemonium lord
100066 | Pan      | Found an exit through the horrors of the Abyss.
100094 | Pan      | Noticed Tuasy the pandemonium lord
100096 | Pan      | Killed Tuasy the pandemonium lord
100189 | Pan      | Noticed Jibiv the pandemonium lord
100194 | Pan      | Killed Jibiv the pandemonium lord
100293 | Depths:2 | Escaped Pandemonium
100401 | Zig:1    | Entered Level 1 of a ziggurat
100424 | Zig:2    | Entered Level 2 of a ziggurat
100446 | Zig:3    | Entered Level 3 of a ziggurat
100477 | Zig:4    | Entered Level 4 of a ziggurat
100502 | Zig:4    | Identified Yggutall's Papyrus of Flames
100510 | Zig:5    | Entered Level 5 of a ziggurat
100548 | Zig:6    | Entered Level 6 of a ziggurat
100588 | Zig:6    | Got a ring of the Octopus King
100606 | Zig:7    | Entered Level 7 of a ziggurat
100660 | Zig:7    | Got a wavering wooden ring
100670 | Zig:7    | Identified the Guide on Supportive Fire
100675 | Zig:8    | Entered Level 8 of a ziggurat
100761 | Zig:9    | Entered Level 9 of a ziggurat
100761 | Zig:9    | Noticed jlc4533's ghost (legendary MfGl)
100767 | Zig:9    | Killed jlc4533's ghost
100787 | Zig:9    | Got a warped robe
100788 | Zig:9    | Identified the cursed +0 robe of Zialithre {rCorr Str+3 Int-2} (You found it on level 9 of a ziggurat)
100789 | Zig:9    | Identified the ring "Aqoa" {rPois MR+ MP+9 Dex+4 Slay+3} (You found it on level 7 of a ziggurat)
101423 | Zig:10   | Entered Level 10 of a ziggurat
101423 | Zig:10   | Noticed a juggernaut
101426 | Zig:10   | Noticed a juggernaut
101427 | Zig:10   | Killed a juggernaut
101429 | Zig:10   | Killed a juggernaut
101443 | Zig:10   | Got a wavering emerald amulet
101444 | Zig:10   | Identified the amulet of Kulelyatsyci {Regen+ Dex+3} (You found it on level 10 of a ziggurat)
101452 | Zig:10   | Got a clouded granite ring
101453 | Zig:10   | Identified the ring of Yluza {Ice rN++ Str+5} (You found it on level 10 of a ziggurat)
101463 | Zig:10   | Identified the Catalogue of the Glacier and the Volcanoes
101480 | Zig:11   | Entered Level 11 of a ziggurat
101486 | Zig:11   | Reached skill level 1 in Staves
101557 | Zig:12   | Entered Level 12 of a ziggurat
101563 | Zig:12   | Reached skill level 5 in Staves
101584 | Zig:12   | Got a steaming granite ring
101588 | Zig:12   | Identified the ring of Cuhamois {*Corrode rPois rC+ MR+ Str+2} (You found it on level 12 of a ziggurat)
101616 | Zig:13   | Entered Level 13 of a ziggurat
101625 | Zig:13   | Reached skill level 27 in Stealth
101643 | Zig:13   | Got a clouded lapis lazuli ring
101644 | Zig:13   | Identified the ring "Uhilyl Rapt" {rElec MR+ Int+3 Stlth+} (You found it on level 13 of a ziggurat)
101658 | Zig:13   | Identified Balow's Almanac of Boosting Orientation
101672 | Zig:14   | Entered Level 14 of a ziggurat
101683 | Zig:14   | Reached skill level 10 in Staves
101722 | Zig:14   | Reached skill level 27 in Evocations
101725 | Zig:14   | Reached skill level 15 in Staves
101744 | Zig:15   | Entered Level 15 of a ziggurat
101779 | Zig:15   | Got a flickering granite ring
101780 | Zig:15   | Identified the ring "Nuty" {rN+ MR+ Dex+2 Stlth-} (You found it on level 15 of a ziggurat)
101787 | Zig:15   | Got a twisted scale mail
101788 | Zig:15   | Identified the +3 scale mail of Elyvilon's Scorn {+Blink} (You found it on level 15 of a ziggurat)
101794 | Zig:15   | Got a translucent iron amulet
101795 | Zig:15   | Identified the amulet of Cusk {RegenMP rPois rF- rC- Int+7} (You found it on level 15 of a ziggurat)
101817 | Zig:16   | Entered Level 16 of a ziggurat
101870 | Zig:17   | Entered Level 17 of a ziggurat
101874 | Zig:17   | Noticed a juggernaut
101876 | Zig:17   | Noticed a juggernaut
101876 | Zig:17   | Killed a juggernaut
101877 | Zig:17   | Noticed a juggernaut
101879 | Zig:17   | Killed a juggernaut
101880 | Zig:17   | Killed a juggernaut
101893 | Zig:17   | Got a dazzling scarf
101894 | Zig:17   | Identified the scarf of Spite {rN+ Stlth+} (You found it on level 17 of a ziggurat)
101928 | Zig:18   | Entered Level 18 of a ziggurat
101978 | Zig:18   | Got a scintillating granite ring
101979 | Zig:18   | Identified the ring "Kurampa" {rC+ Stlth-} (You found it on level 18 of a ziggurat)
102024 | Zig:19   | Entered Level 19 of a ziggurat
102033 | Zig:19   | Reached skill level 27 in Staves
102033 | Zig:19   | Reached skill level 1 in Polearms
102033 | Zig:19   | Reached skill level 1 in Crossbows
102033 | Zig:19   | Reached skill level 1 in Unarmed Combat
102033 | Zig:19   | Reached skill level 1 in Hexes
102033 | Zig:19   | Reached skill level 1 in Throwing
102039 | Zig:19   | Reached skill level 5 in Hexes
102039 | Zig:19   | Reached skill level 5 in Polearms
102039 | Zig:19   | Reached skill level 5 in Unarmed Combat
102075 | Zig:19   | Got a shimmering hat
102076 | Zig:19   | Identified the +0 hat of Koihim {rF+} (You found it on level 19 of a ziggurat)
102119 | Zig:20   | Entered Level 20 of a ziggurat
102127 | Zig:20   | Reached skill level 10 in Hexes
102127 | Zig:20   | Reached skill level 10 in Polearms
102128 | Zig:20   | Reached skill level 10 in Unarmed Combat
102186 | Zig:21   | Entered Level 21 of a ziggurat
102195 | Zig:21   | Reached skill level 15 in Unarmed Combat
102251 | Zig:21   | Got a transparent robe
102253 | Zig:21   | Got a faintly glowing robe
102254 | Zig:21   | Identified the +1 robe of the Cuttlefish {rN++ Regen+} (You found it on level 21 of a ziggurat)
102255 | Zig:21   | Identified the cursed -5 robe of Misfortune {-Cast *Contam *Tele *Drain EV-5 Stlth-- *Curse} (You found it on level 21 of a ziggurat)
102282 | Zig:22   | Entered Level 22 of a ziggurat
102333 | Zig:22   | Got a warped brass ring
102334 | Zig:22   | Identified the ring "Fayfom" {+Blink rElec MR+ Str+3 Dex-4} (You found it on level 22 of a ziggurat)
102337 | Zig:22   | Got a fine diamond amulet
102340 | Zig:22   | Got a bound lapis lazuli ring
102341 | Zig:22   | Identified the ring of Ashenzari's Regard {rF+++ rC- SInv Stlth+} (You found it on level 22 of a ziggurat)
102344 | Zig:22   | Got a flickering silver ring
102345 | Zig:22   | Identified the ring "Doamiyl" {Dex+3 Stlth-} (You found it on level 22 of a ziggurat)
102346 | Zig:22   | Identified the amulet "Kueg" {Reflect +Blink SH+4} (You found it on level 22 of a ziggurat)
102354 | Zig:22   | Identified the Almanac of Creative Toxins
102356 | Zig:22   | Got a heavily runed ruby amulet
102357 | Zig:22   | Identified the amulet "Wietyifo" {Inacc rElec Dex+4 Stlth+} (You found it on level 22 of a ziggurat)
102381 | Zig:22   | Got a polished chain mail
102382 | Zig:22   | Identified the +1 chain mail of Defiance {Str+4} (You found it on level 22 of a ziggurat)
102389 | Zig:23   | Entered Level 23 of a ziggurat
102446 | Zig:23   | Got a transparent copper ring
102452 | Zig:23   | Identified the Tome of Flying Clay
102460 | Zig:23   | Got a steaming granite ring
102470 | Zig:24   | Entered Level 24 of a ziggurat
102506 | Zig:24   | Got a scorched bronze ring
102523 | Zig:24   | Got a flickering iron ring
102525 | Zig:24   | Got a clouded steel ring
102535 | Zig:24   | Got a fine plate armour
102536 | Zig:24   | Identified the +9 plate armour of Unambiguity {MR++} (You found it on level 24 of a ziggurat)
102537 | Zig:24   | Identified the ring of Morality {rF- rN++ Str+4 Int+3} (You found it on level 23 of a ziggurat)
102551 | Zig:24   | Identified Cofod's Guide on Execration
102558 | Zig:25   | Entered Level 25 of a ziggurat
102570 | Zig:25   | Reached skill level 27 in Unarmed Combat
102573 | Zig:25   | Reached skill level 5 in Crossbows
102576 | Zig:25   | Reached skill level 5 in Throwing
102581 | Zig:25   | Reached skill level 10 in Crossbows
102585 | Zig:25   | Paralysed by a floating eye for 2 turns
102595 | Zig:25   | Reached skill level 10 in Throwing
102621 | Zig:25   | Got a slimy marble ring
102630 | Zig:25   | Got a pitted gossamer ring
102635 | Zig:25   | Got a clouded pewter ring
102639 | Zig:25   | Identified the ring of Leoshrenu {Ice +Fly Int+6 Stlth+} (You found it on level 25 of a ziggurat)
102640 | Zig:25   | Identified the ring "Bomediaq" {+Inv rElec Str+4 Dex-3 SInv} (You found it on level 25 of a ziggurat)
102651 | Zig:26   | Entered Level 26 of a ziggurat
102658 | Zig:26   | Noticed an ancient lich
102659 | Zig:26   | Noticed an ancient lich
102660 | Zig:26   | Noticed an ancient lich
102660 | Zig:26   | Noticed an ancient lich
102661 | Zig:26   | Noticed an ancient lich
102662 | Zig:26   | Killed an ancient lich
102662 | Zig:26   | Killed an ancient lich
102662 | Zig:26   | Killed an ancient lich
102663 | Zig:26   | Noticed an ancient lich
102663 | Zig:26   | Killed an ancient lich
102663 | Zig:26   | Killed an ancient lich
102663 | Zig:26   | Killed an ancient lich
102664 | Zig:26   | Noticed an ancient lich
102664 | Zig:26   | Killed an ancient lich
102665 | Zig:26   | Noticed an ancient lich
102665 | Zig:26   | Killed an ancient lich
102666 | Zig:26   | Noticed an ancient lich
102666 | Zig:26   | Noticed an ancient lich
102666 | Zig:26   | Noticed an ancient lich
102667 | Zig:26   | Killed an ancient lich
102667 | Zig:26   | Killed an ancient lich
102667 | Zig:26   | Killed an ancient lich
102667 | Zig:26   | Reached skill level 15 in Throwing
102669 | Zig:26   | Noticed an ancient lich
102669 | Zig:26   | Noticed an ancient lich
102669 | Zig:26   | Killed an ancient lich
102671 | Zig:26   | Killed an ancient lich
102673 | Zig:26   | Noticed an ancient lich
102673 | Zig:26   | Killed an ancient lich
102674 | Zig:26   | Noticed an ancient lich
102674 | Zig:26   | Killed an ancient lich
102675 | Zig:26   | Noticed an ancient lich
102676 | Zig:26   | Noticed an ancient lich
102676 | Zig:26   | Noticed an ancient lich
102677 | Zig:26   | Noticed an ancient lich
102677 | Zig:26   | Killed an ancient lich
102677 | Zig:26   | Killed an ancient lich
102677 | Zig:26   | Killed an ancient lich
102677 | Zig:26   | Killed an ancient lich
102679 | Zig:26   | Noticed an ancient lich
102680 | Zig:26   | Noticed an ancient lich
102680 | Zig:26   | Noticed an ancient lich
102682 | Zig:26   | Killed an ancient lich
102682 | Zig:26   | Killed an ancient lich
102682 | Zig:26   | Killed an ancient lich
102702 | Zig:26   | Got a faintly glowing lapis lazuli ring
102748 | Zig:27   | Entered Level 27 of a ziggurat
102807 | Zig:27   | Got a fine granite ring
102864 | Zig:1    | Entered Level 1 of a ziggurat
102888 | Zig:2    | Entered Level 2 of a ziggurat
102916 | Zig:3    | Entered Level 3 of a ziggurat
102943 | Zig:4    | Entered Level 4 of a ziggurat
102971 | Zig:5    | Entered Level 5 of a ziggurat
102971 | Zig:5    | Noticed a juggernaut
102974 | Zig:5    | Killed a juggernaut
103016 | Zig:6    | Entered Level 6 of a ziggurat
103072 | Zig:7    | Entered Level 7 of a ziggurat
103118 | Zig:7    | Got a wavering emerald amulet
103135 | Zig:8    | Entered Level 8 of a ziggurat
103156 | Zig:8    | Got a faintly glowing amber ring
103179 | Zig:9    | Entered Level 9 of a ziggurat
103191 | Zig:9    | Reached skill level 27 in Throwing
103193 | Zig:9    | Reached skill level 5 in Maces & Flails
103218 | Zig:9    | Identified the Incunabulum of Floating Orientation
103222 | Zig:9    | Got a warped copper ring
103230 | Zig:10   | Entered Level 10 of a ziggurat
103234 | Zig:10   | Paralysed by accursed screaming for 1 turns
103237 | Zig:10   | Reached skill level 10 in Maces & Flails
103244 | Zig:10   | Paralysed by you for 6 turns
103278 | Zig:10   | Got an encrusted hat
103284 | Zig:10   | Got a pair of smoking gloves
103296 | Zig:10   | Identified the +2 pair of gloves of Altruism {Int+4 Dex+4} (You acquired it on level 10 of a ziggurat)
103456 | Zig:11   | Entered Level 11 of a ziggurat
103538 | Zig:11   | Got a crude wooden ring
103542 | Zig:12   | Entered Level 12 of a ziggurat
103547 | Zig:12   | Noticed an ancient lich
103548 | Zig:12   | Noticed an ancient lich
103549 | Zig:12   | Noticed an ancient lich
103549 | Zig:12   | Noticed an ancient lich
103549 | Zig:12   | Noticed an ancient lich
103551 | Zig:12   | Killed an ancient lich
103551 | Zig:12   | Killed an ancient lich
103551 | Zig:12   | Killed an ancient lich
103551 | Zig:12   | Killed an ancient lich
103552 | Zig:12   | Noticed an ancient lich
103552 | Zig:12   | Killed an ancient lich
103552 | Zig:12   | Killed an ancient lich
103555 | Zig:12   | Noticed an ancient lich
103555 | Zig:12   | Killed an ancient lich
103556 | Zig:12   | Noticed an ancient lich
103556 | Zig:12   | Killed an ancient lich
103559 | Zig:12   | Noticed an ancient lich
103560 | Zig:12   | Killed an ancient lich
103664 | Zig:13   | Entered Level 13 of a ziggurat
103732 | Zig:14   | Entered Level 14 of a ziggurat
103798 | Zig:14   | Got a crude wooden ring
103809 | Zig:14   | Got a fine glass ring
103810 | Zig:14   | Identified the +1 hat of the Queen {Dex+2} (You found it on level 10 of a ziggurat)
103812 | Zig:14   | Identified the ring of the Iron Devil {rElec rC+ MP+9} (You found it on level 11 of a ziggurat)
103814 | Zig:14   | Identified the ring of Qenomur {rPois rC+ Int+8 Dex+4 Stlth-} (You found it on level 14 of a ziggurat)
103815 | Zig:14   | Identified the ring "Alyisiwyth" {MP+9 Int+4} (You found it on level 14 of a ziggurat)
103818 | Zig:14   | Got a crude gossamer ring
103819 | Zig:14   | Identified the ring "Banud" {rF+ rN++ Stlth-} (You found it on level 14 of a ziggurat)
103838 | Zig:15   | Entered Level 15 of a ziggurat
103914 | Zig:15   | Identified Calumel's Guide on Enchantment
103934 | Zig:16   | Entered Level 16 of a ziggurat
103954 | Zig:16   | Noticed Zucargh the pandemonium lord
103957 | Zig:16   | Killed Zucargh the pandemonium lord
103987 | Zig:16   | Got a fine brass ring
103999 | Zig:16   | Identified Toytzulite's Reference Book on Heat
104011 | Zig:16   | Got a pair of twisted gloves
104012 | Zig:16   | Identified the +2 pair of gloves of the Dolphin {+Inv MR+ Slay+3} (You found it on level 16 of a ziggurat)
104024 | Zig:17   | Entered Level 17 of a ziggurat
104059 | Zig:17   | Got a heavily runed iron amulet
104060 | Zig:17   | Identified the amulet "Vuroeduck" {Reflect rElec rF- rC+ SH+4} (You found it on level 17 of a ziggurat)
104061 | Zig:17   | Identified the ring of the Open Hand {*Tele *Drain +Fly rPois MR+ Int+2} (You found it on level 16 of a ziggurat)
104110 | Zig:17   | Learned a level 8 spell: Death's Door
104117 | Zig:17   | Learned a level 6 spell: Darkness
104148 | Zig:18   | Entered Level 18 of a ziggurat
104157 | Zig:18   | Reached skill level 15 in Hexes
104184 | Zig:18   | Got a scorched pewter ring
104216 | Zig:18   | Lost mutation: You are robust. (+10% HP) [potion of mutation]
104216 | Zig:18   | Lost mutation: Armour fits poorly on your strangely shaped body. [potion of mutation]
104216 | Zig:18   | Lost mutation: Your magical capacity is low. (-10% MP) [potion of mutation]
104216 | Zig:18   | Lost mutation: Your natural rate of healing is unusually fast. [potion of mutation]
104216 | Zig:18   | Lost mutation: Your spells are a little easier to cast, but a little less powerful. [potion of mutation]
104216 | Zig:18   | Lost mutation: Your flesh is cold resistant. (rC+) [potion of mutation]
104216 | Zig:18   | Gained mutation: Your mind is acute. (Int +2) [potion of mutation]
104216 | Zig:18   | Gained mutation: You have supernaturally acute eyesight. (SInv) [potion of mutation]
104216 | Zig:18   | Gained mutation: Your muscles are strong. (Str +2) [potion of mutation]
104216 | Zig:18   | Gained mutation: Your mind is very acute. (Int +4) [potion of mutation]
104217 | Zig:18   | Lost mutation: Your mind is very acute. (Int +4) [potion of mutation]
104217 | Zig:18   | Lost mutation: Your mind is acute. (Int +2) [potion of mutation]
104217 | Zig:18   | Gained mutation: Your spells are a little easier to cast, but a little less powerful. [potion of mutation]
104217 | Zig:18   | Gained mutation: Your flesh is cold resistant. (rC+) [potion of mutation]
104218 | Zig:18   | Lost mutation: Your flesh is cold resistant. (rC+) [potion of mutation]
104218 | Zig:18   | Lost mutation: Your muscles are strong. (Str +2) [potion of mutation]
104218 | Zig:18   | Lost mutation: Your spells are a little easier to cast, but a little less powerful. [potion of mutation]
104218 | Zig:18   | Gained mutation: Your flesh is heat resistant. (rF+) [potion of mutation]
104218 | Zig:18   | Gained mutation: Armour fits poorly on your strangely shaped body. [potion of mutation]
104218 | Zig:18   | Gained mutation: Your natural rate of healing is unusually fast. [potion of mutation]
104219 | Zig:18   | Lost mutation: Your natural rate of healing is unusually fast. [potion of mutation]
104219 | Zig:18   | Lost mutation: Armour fits poorly on your strangely shaped body. [potion of mutation]
104219 | Zig:18   | Lost mutation: You have supernaturally acute eyesight. (SInv) [potion of mutation]
104219 | Zig:18   | Gained mutation: Your magical capacity is low. (-10% MP) [potion of mutation]
104219 | Zig:18   | Gained mutation: Your spells are a little harder to cast, but a little more powerful. [potion of mutation]
104219 | Zig:18   | Gained mutation: Your system is resistant to poisons. (rPois) [potion of mutation]
104220 | Zig:18   | Lost mutation: Your magical capacity is low. (-10% MP) [potion of mutation]
104220 | Zig:18   | Lost mutation: Your spells are a little harder to cast, but a little more powerful. [potion of mutation]
104220 | Zig:18   | Gained mutation: Your body sometimes deteriorates upon taking damage. [potion of mutation]
104220 | Zig:18   | Gained mutation: You are frail. (-10% HP) [potion of mutation]
104220 | Zig:18   | Gained mutation: Armour fits poorly on your strangely shaped body. [potion of mutation]
104220 | Zig:18   | Gained mutation: Your spells are a little harder to cast, but a little more powerful. [potion of mutation]
104221 | Zig:18   | Lost mutation: You are frail. (-10% HP) [potion of mutation]
104221 | Zig:18   | Lost mutation: Your system is resistant to poisons. (rPois) [potion of mutation]
104221 | Zig:18   | Lost mutation: Your spells are a little harder to cast, but a little more powerful. [potion of mutation]
104221 | Zig:18   | Gained mutation: You are dopey. (Int -2) [potion of mutation]
104221 | Zig:18   | Gained mutation: You are resistant to hostile enchantments. (MR+) [potion of mutation]
104221 | Zig:18   | Gained mutation: You possess an exceptional clarity of mind. [potion of mutation]
104221 | Zig:18   | Gained mutation: Your flesh is very heat resistant. (rF++) [potion of mutation]
104222 | Zig:18   | Lost mutation: Your body sometimes deteriorates upon taking damage. [potion of mutation]
104222 | Zig:18   | Lost mutation: You are dopey. (Int -2) [potion of mutation]
104222 | Zig:18   | Lost mutation: You possess an exceptional clarity of mind. [potion of mutation]
104222 | Zig:18   | Lost mutation: Armour fits poorly on your strangely shaped body. [potion of mutation]
104222 | Zig:18   | Lost mutation: Your flesh is very heat resistant. (rF++) [potion of mutation]
104222 | Zig:18   | Gained mutation: Your flesh is cold resistant. (rC+) [potion of mutation]
104222 | Zig:18   | Gained mutation: Your spells are a little harder to cast, but a little more powerful. [potion of mutation]
104223 | Zig:18   | Lost mutation: Your spells are a little harder to cast, but a little more powerful. [potion of mutation]
104223 | Zig:18   | Lost mutation: Your flesh is heat resistant. (rF+) [potion of mutation]
104223 | Zig:18   | Lost mutation: Your flesh is cold resistant. (rC+) [potion of mutation]
104223 | Zig:18   | Gained mutation: You occasionally shout uncontrollably at your foes. [potion of mutation]
104223 | Zig:18   | Gained mutation: Your system is resistant to poisons. (rPois) [potion of mutation]
104224 | Zig:18   | Lost mutation: Your system is resistant to poisons. (rPois) [potion of mutation]
104224 | Zig:18   | Lost mutation: You are resistant to hostile enchantments. (MR+) [potion of mutation]
104224 | Zig:18   | Lost mutation: You occasionally shout uncontrollably at your foes. [potion of mutation]
104224 | Zig:18   | Gained mutation: You possess an exceptional clarity of mind. [potion of mutation]
104224 | Zig:18   | Gained mutation: You are resistant to hostile enchantments. (MR+) [potion of mutation]
104224 | Zig:18   | Gained mutation: You have a pair of small horns on your head. [potion of mutation]
104224 | Zig:18   | Gained mutation: Your spells are a little harder to cast, but a little more powerful. [potion of mutation]
104234 | Zig:19   | Entered Level 19 of a ziggurat
104239 | Zig:19   | Noticed an orb of fire
104239 | Zig:19   | Noticed an orb of fire
104239 | Zig:19   | Noticed an orb of fire
104240 | Zig:19   | Noticed an orb of fire
104240 | Zig:19   | Noticed an orb of fire
104240 | Zig:19   | Noticed an orb of fire
104240 | Zig:19   | Noticed an orb of fire
104241 | Zig:19   | Noticed an orb of fire
104242 | Zig:19   | Noticed an orb of fire
104242 | Zig:19   | Noticed an orb of fire
104243 | Zig:19   | Noticed an orb of fire
104244 | Zig:19   | Noticed an orb of fire
104244 | Zig:19   | Noticed an orb of fire
104244 | Zig:19   | Noticed an orb of fire
104244 | Zig:19   | Noticed an orb of fire
104244 | Zig:19   | Killed an orb of fire
104244 | Zig:19   | Killed an orb of fire
104244 | Zig:19   | Killed an orb of fire
104244 | Zig:19   | Killed an orb of fire
104245 | Zig:19   | Noticed an orb of fire
104245 | Zig:19   | Noticed an orb of fire
104245 | Zig:19   | Noticed an orb of fire
104245 | Zig:19   | Noticed an orb of fire
104251 | Zig:19   | Killed an orb of fire
104251 | Zig:19   | Killed an orb of fire
104252 | Zig:19   | Killed an orb of fire
104252 | Zig:19   | Killed an orb of fire
104252 | Zig:19   | Killed an orb of fire
104252 | Zig:19   | Killed an orb of fire
104252 | Zig:19   | Killed an orb of fire
104252 | Zig:19   | Killed an orb of fire
104253 | Zig:19   | Killed an orb of fire
104253 | Zig:19   | Killed an orb of fire
104253 | Zig:19   | Killed an orb of fire
104253 | Zig:19   | Killed an orb of fire
104254 | Zig:19   | Killed an orb of fire
104254 | Zig:19   | Killed an orb of fire
104255 | Zig:19   | Killed an orb of fire
104257 | Zig:19   | Noticed an orb of fire
104259 | Zig:19   | Noticed an orb of fire
104260 | Zig:19   | Noticed an orb of fire
104260 | Zig:19   | Killed an orb of fire
104261 | Zig:19   | Noticed an orb of fire
104264 | Zig:19   | Noticed an orb of fire
104265 | Zig:19   | Noticed an orb of fire
104587 | Depths:4 | Identified the ring "Ugui" {+Fly SInv} (You found it on level 18 of a ziggurat)
104657 | Zig:1    | Entered Level 1 of a ziggurat
104676 | Zig:2    | Entered Level 2 of a ziggurat
104702 | Zig:3    | Entered Level 3 of a ziggurat
104728 | Zig:4    | Entered Level 4 of a ziggurat
104728 | Zig:4    | Noticed a juggernaut
104730 | Zig:4    | Killed a juggernaut
104756 | Zig:5    | Entered Level 5 of a ziggurat
104759 | Zig:5    | Noticed an orb of fire
104759 | Zig:5    | Noticed an orb of fire
104762 | Zig:5    | Noticed an orb of fire
104762 | Zig:5    | Noticed an orb of fire
104762 | Zig:5    | Noticed an orb of fire
104763 | Zig:5    | Killed an orb of fire
104763 | Zig:5    | Killed an orb of fire
104764 | Zig:5    | Noticed an orb of fire
104764 | Zig:5    | Killed an orb of fire
104764 | Zig:5    | Killed an orb of fire
104764 | Zig:5    | Killed an orb of fire
104769 | Zig:5    | Killed an orb of fire
104853 | Zig:6    | Entered Level 6 of a ziggurat
104854 | Zig:6    | Noticed a juggernaut
104854 | Zig:6    | Noticed a juggernaut
104856 | Zig:6    | Killed a juggernaut
104858 | Zig:6    | Killed a juggernaut
104876 | Zig:7    | Entered Level 7 of a ziggurat
104886 | Zig:7    | Reached skill level 27 in Hexes
104886 | Zig:7    | Reached skill level 1 in Charms
104910 | Zig:7    | Identified the Tome of Unstable Hexes
104923 | Zig:8    | Entered Level 8 of a ziggurat
104928 | Zig:8    | Noticed Toupp the pandemonium lord
104929 | Zig:8    | Noticed Ycsyfel the pandemonium lord
104930 | Zig:8    | Noticed Atziq the pandemonium lord
104930 | Zig:8    | Reached skill level 5 in Charms
104931 | Zig:8    | Noticed Dousuo the pandemonium lord
104931 | Zig:8    | Killed Toupp the pandemonium lord
104931 | Zig:8    | Killed Ycsyfel the pandemonium lord
104932 | Zig:8    | Noticed Ofiniet the pandemonium lord
104934 | Zig:8    | Killed Ofiniet the pandemonium lord
104935 | Zig:8    | Noticed Wehi the pandemonium lord
104936 | Zig:8    | Noticed Sadghewum the pandemonium lord
104936 | Zig:8    | Killed Dousuo the pandemonium lord
104936 | Zig:8    | Reached skill level 10 in Charms
104936 | Zig:8    | Killed Atziq the pandemonium lord
104937 | Zig:8    | Killed Wehi the pandemonium lord
104938 | Zig:8    | Killed Sadghewum the pandemonium lord
104963 | Zig:8    | Got a transparent silver ring
105115 | Zig:9    | Entered Level 9 of a ziggurat
105193 | Zig:10   | Entered Level 10 of a ziggurat
105209 | Zig:10   | Noticed Kakyrir the pandemonium lord
105210 | Zig:10   | Killed Kakyrir the pandemonium lord
105294 | Zig:11   | Entered Level 11 of a ziggurat
105301 | Zig:11   | Reached skill level 15 in Charms
105305 | Zig:11   | Reached skill level 15 in Crossbows
105325 | Zig:11   | Identified the Almanac of the Destructive Compass
105396 | Zig:12   | Entered Level 12 of a ziggurat
105468 | Zig:12   | Got a glittering golden amulet
105485 | Zig:13   | Entered Level 13 of a ziggurat
105570 | Zig:14   | Entered Level 14 of a ziggurat
105575 | Zig:14   | Noticed a juggernaut
105577 | Zig:14   | Noticed a juggernaut
105577 | Zig:14   | Noticed a juggernaut
105580 | Zig:14   | Killed a juggernaut
105580 | Zig:14   | Killed a juggernaut
105580 | Zig:14   | Killed a juggernaut
105617 | Zig:15   | Entered Level 15 of a ziggurat
105622 | Zig:15   | Noticed a greater mummy
105623 | Zig:15   | Noticed a greater mummy
105623 | Zig:15   | Noticed a greater mummy
105625 | Zig:15   | Killed a greater mummy
105626 | Zig:15   | Noticed a greater mummy
105627 | Zig:15   | Noticed a greater mummy
105627 | Zig:15   | Killed a greater mummy
105627 | Zig:15   | Killed a greater mummy
105628 | Zig:15   | Noticed a greater mummy
105628 | Zig:15   | Noticed a greater mummy
105628 | Zig:15   | Noticed a greater mummy
105629 | Zig:15   | Noticed a greater mummy
105629 | Zig:15   | Killed a greater mummy
105629 | Zig:15   | Killed a greater mummy
105630 | Zig:15   | Killed a greater mummy
105630 | Zig:15   | Killed a greater mummy
105630 | Zig:15   | Killed a greater mummy
105631 | Zig:15   | Noticed a greater mummy
105631 | Zig:15   | Noticed a greater mummy
105631 | Zig:15   | Noticed a greater mummy
105632 | Zig:15   | Killed a greater mummy
105632 | Zig:15   | Killed a greater mummy
105633 | Zig:15   | Killed a greater mummy
105634 | Zig:15   | Killed a greater mummy
105802 | Zig:16   | Entered Level 16 of a ziggurat
105843 | Zig:16   | Identified Ifatrasch's Papyrus of the Harmful Mountains
105860 | Zig:16   | Got a vibrating brass ring
105876 | Zig:17   | Entered Level 17 of a ziggurat
105955 | Zig:17   | Got a vibrating amethyst amulet
105962 | Zig:17   | Got a coiled iron ring
105979 | Zig:18   | Entered Level 18 of a ziggurat
106041 | Zig:18   | Identified the ring "Ydwe" {rF+ AC+3 Str-5 Int+6 SInv} (You found it on level 8 of a ziggurat)
106043 | Zig:18   | Identified the amulet of Cel Vauz {+Rage Dex+4} (You found it on level 12 of a ziggurat)
106044 | Zig:18   | Identified the amulet of the Median {rElec Regen+} (You found it on level 17 of a ziggurat)
106045 | Zig:18   | Identified the ring "Sinodire" {rC+++ MP+9 Str-3 Int+3 Slay+3} (You found it on level 17 of a ziggurat)
106054 | Zig:18   | Got a fine diamond amulet
106055 | Zig:18   | Identified the amulet of Jealousy {Inacc -Tele rF+ MR++ Dex-5 SInv} (You found it on level 18 of a ziggurat)
106063 | Zig:18   | Got a shimmering silver ring
106077 | Zig:19   | Entered Level 19 of a ziggurat
106266 | Zig:20   | Entered Level 20 of a ziggurat
106283 | Zig:20   | Noticed an ancient lich
106284 | Zig:20   | Noticed an ancient lich
106284 | Zig:20   | Noticed an ancient lich
106285 | Zig:20   | Noticed an ancient lich
106286 | Zig:20   | Killed an ancient lich
106286 | Zig:20   | Killed an ancient lich
106287 | Zig:20   | Noticed an ancient lich
106287 | Zig:20   | Killed an ancient lich
106287 | Zig:20   | Killed an ancient lich
106287 | Zig:20   | Killed an ancient lich
106288 | Zig:20   | Noticed an ancient lich
106288 | Zig:20   | Noticed an ancient lich
106288 | Zig:20   | Noticed an ancient lich
106288 | Zig:20   | Noticed an ancient lich
106288 | Zig:20   | Killed an ancient lich
106288 | Zig:20   | Killed an ancient lich
106288 | Zig:20   | Killed an ancient lich
106288 | Zig:20   | Killed an ancient lich
106290 | Zig:20   | Noticed an ancient lich
106290 | Zig:20   | Noticed an ancient lich
106291 | Zig:20   | Killed an ancient lich
106293 | Zig:20   | Killed an ancient lich
106293 | Zig:20   | Reached skill level 27 in Charms
106294 | Zig:20   | Reached skill level 27 in Crossbows
106358 | Zig:21   | Entered Level 21 of a ziggurat
106563 | Zig:21   | Got a glittering wooden ring
106566 | Zig:21   | Got a glittering brass ring
106610 | Zig:22   | Entered Level 22 of a ziggurat
106632 | Zig:22   | HP: 11/249 [caustic shrike (10)]
106632 | Zig:22   | HP: 2/249 [acid[a spriggan druid] (5)]
106632 | Zig:22   | Slain by a caustic shrike

Skill      XL: |  1  2  3  4  5  6  7  8  9 10 11 12 13 14 15 16 17 18 19 20 21 22 23 24 25 26 27 |
---------------+----------------------------------------------------------------------------------+-----
Fire Magic     | 3 4 5 6 8 9 10 11 12 13 15 16 17 18 19 20 27 | 27.0
Conjurations   | 2 3 5 6 8 9 11 12 13 14 15 17 18 19 20 21 27 | 27.0
Spellcasting   | 3 5 6 7 9 10 11 12 13 14 15 16 17 18 19 20 27 | 27.0
Dodging        | 3 7 9 27 | 27.0
Stealth        | 4 7 10 11 27 | 27.0
Fighting       | 3 7 10 13 15 27 | 27.0
Shields        | 1 5 7 9 11 12 13 15 16 27 | 27.0
Air Magic      | 3 10 14 27 | 27.0
Ice Magic      | 27 | 27.0
Earth Magic    | 27 | 27.0
Armour         | 27 | 27.0
Transmutations | 27 | 27.0
Necromancy     | 27 | 27.0
Translocations | 27 | 27.0
Invocations    | 21 | 21.0
Evocations     | 27 | 27.0
Staves         | 27 | 27.0
Polearms       | 12 | 12.8
Crossbows      | 27 | 27.0
Unarmed Combat | 27 | 27.0
Hexes          | 27 | 27.0
Throwing       | 27 | 27.0
Maces & Flails | 12 | 12.0
Charms         | 27 | 27.0

Action                   |  1- 3 |  4- 6 |  7- 9 | 10-12 | 13-15 | 16-18 | 19-21 | 22-24 | 25-27 || total
-------------------------+-------+-------+-------+-------+-------+-------+-------+-------+-------++-------
Melee: Unarmed           |    14 |       |       |       |       |       |       |       |       ||    14
       Dagger            |   105 |    19 |       |       |       |       |       |       |       ||   124
       Kick              |    31 |     9 |       |     8 |    47 |    10 |     5 |     3 |   144 ||   257
       Whip              |       |    26 |   102 |    97 |    66 |       |       |       |       ||   291
       Short sword       |       |    38 |     1 |       |       |       |       |       |       ||    39
       Staff             |       |       |       |       |    97 |    34 |    11 |     8 |   257 ||   407
       Headbutt          |       |       |       |       |       |       |     2 |     4 |    12 ||    18
       Peck              |       |       |       |       |       |       |       |       |    39 ||    39
 Cast: Flame Tongue      |    50 |   148 |   202 |   189 |   106 |    11 |     4 |       |     5 ||   715
       Sticky Flame      |       |     2 |    27 |    51 |   151 |    46 |    26 |    14 |    83 ||   400
       Fireball          |       |       |     8 |   116 |   373 |   609 |   547 |   478 |   405 ||  2536
       Conjure Flame     |       |       |       |     1 |       |       |       |       |       ||     1
       Venom Bolt        |       |       |       |     5 |    23 |     5 |    24 |     1 |       ||    58
       Bolt of Magma     |       |       |       |       |    10 |       |       |     2 |       ||    12
       Iskenderun's Myst |       |       |       |       |     8 |    34 |    47 |    12 |     2 ||   103
       Bolt of Fire      |       |       |       |       |     1 |    19 |    21 |    11 |       ||    52
       Orb of Destructio |       |       |       |       |       |    13 |    11 |    25 |    54 ||   103
       Fire Storm        |       |       |       |       |       |       |     4 |    63 |  1602 ||  1669
       Mephitic Cloud    |       |       |       |       |       |       |     1 |       |       ||     1
       Shatter           |       |       |       |       |       |       |       |       |  1212 ||  1212
       Tornado           |       |       |       |       |       |       |       |       |   849 ||   849
       Necromutation     |       |       |       |       |       |       |       |       |   161 ||   161
       Lehudib's Crystal |       |       |       |       |       |       |       |       |    92 ||    92
       Glaciate          |       |       |       |       |       |       |       |       |    49 ||    49
       Controlled Blink  |       |       |       |       |       |       |       |       |    38 ||    38
 Abil: End Transformatio |       |       |       |       |       |       |       |       |     1 ||     1
Evoke: Wand              |       |       |       |       |     9 |     2 |       |       |       ||    11
       Figurine of a zig |       |       |       |       |       |       |       |       |     6 ||     6
       Lightning rod     |       |       |       |       |       |       |       |       |     1 ||     1
  Use: Scroll            |       |       |       |    16 |    11 |    18 |    12 |     6 |   223 ||   286
       Potion            |       |       |       |     2 |     8 |     6 |     2 |     3 |   113 ||   134
 Stab: Sleeping          |     1 |     4 |     1 |       |       |       |       |       |       ||     6
       Distracted        |       |       |       |       |       |       |       |       |     2 ||     2
       Invisible         |       |       |       |       |       |       |       |       |     1 ||     1
  Eat: Chunk             |       |     7 |    13 |    44 |    86 |    79 |    35 |    45 |    83 ||   392
       Fruit             |       |       |     4 |     3 |     5 |    16 |    12 |     6 |    34 ||    80
       Meat ration       |       |       |       |       |     2 |       |       |     3 |     2 ||     7
       Royal jelly       |       |       |       |       |       |     1 |       |     2 |    36 ||    39
Armor: Robe              |    23 |    81 |   106 |   103 |   147 |    52 |    20 |    10 |   297 ||   839
       Skin              |       |       |       |    55 |    20 |       |       |       |       ||    75
Dodge: Dodged            |    55 |    97 |   178 |   144 |   358 |   111 |    41 |    43 |  1305 ||  2332
Block: Other             |       |       |       |       |    65 |       |       |       |       ||    65
       Reflection        |       |       |       |       |     2 |    22 |    59 |    29 |   113 ||   225
       Buckler           |       |       |       |       |     7 |   127 |     3 |       |       ||   137
       Shield            |       |       |       |       |       |       |   149 |    78 |   894 ||  1121
       Large shield      |       |       |       |       |       |       |       |       |  1432 ||  1432
